Workbook

Sheet CONUS PAGE 1
A1: Travel Group | C1: Move cursor over red triangle to view instructions | H1: Invoice # | I1: =IF(C$12=0," ",MAX(C12:H12)) | J1: PeopleSoft AP User: enter in PeopleSoft | K1: Trip DOL | L1: Mileage Date | M1: IRS Mileage Rate | N1: Ticket Type | O1: Per Diem Percent | P1: Travel Group | Q1: Group Code | R1: Expense Acct | S1: Transportation Acct | T1: DB Airfare Acct | U1: M&IE @ 100% | V1: Breakfast | W1: Lunch | X1: Dinner | Y1: Incidental | Z1: FY2022 Per Diem Rates - Effective October 1, 2021 | AA1: FY22 M&IE | AB1: TEST
A2: Calendar Year of Travel | B2: 2022 | C2: EFFECTIVE: 07/01/2022 | H2: Invoice Date | I2: =IF(C$12=0," ",MAX(C12:H12)) | J2: PeopleSoft AP User: enter in PeopleSoft | K2: H4999 | L2: 44743 | M2: 0.625 | N2: Original Ticket | O2: 1 | P2: NON-STAFF | Q2: 1 | R2: 5651-NON STAFF TRVL | S2: 5651-TRANSPORT | T2: 2122-NON STAFF DB AIRFARE | U2: 59 | V2: 13 | W2: 15 | X2: 26 | Y2: 5 | Z2: Standard CONUS rate applies to all counties not specifically listed. Cities not listed may be located in a listed county. | AA2: 59 | AB2: YES
A3: PeopleSoft Supplier ID | C3: NON STAFF TRAVEL AND EXPENSE FORM | H3: Voucher # | J3: PeopleSoft AP User: write Voucher # | K3: P4999 | L3: 44562 | M3: 0.585 | N3: Exchanged Ticket | O3: 0.75 | P3: GOV COMM | Q3: =Q2+1 -> 2 | R3: 5651-NON STAFF TRVL | S3: 5652-GOV TRANSPORT | T3: 2124-BOD DB AIRFARE | U3: 64 | V3: 14 | W3: 16 | X3: 29 | Y3: 5 | Z3: AL Birmingham Jefferson | AA3: 69 | AB3: NO
A4: Trip DOL | C4: GSA RATES: 10/01/21-09/30/22 | K4: R4999 | L4: 44926 | P4: VENDOR | Q4: =Q3+1 -> 3 | R4: 5650-VENDOR TRVL | S4: 5651-TRANSPORT | T4: 2122-NON STAFF DB AIRFARE | U4: 69 | V4: 16 | W4: 17 | X4: 31 | Y4: 5 | Z4: AL Gulf Shores Baldwin | AA4: 69
A5: Page | B5: 1 | K5: U4999 | P5: NCSEA | Q5: =Q4+1 -> 4 | R5: 8XXX-TRVL | S5: 8XXX-TRANSPORT | T5: 2122-NON STAFF DB AIRFARE | U5: 74 | V5: 17 | W5: 18 | X5: 34 | Y5: 5 | Z5: AL Mobile Mobile | AA5: 59
P6: NCESP | Q6: =Q5+1 -> 5 | R6: 8XXX-TRVL | S6: 8XXX-TRANSPORT | T6: 2122-NON STAFF DB AIRFARE | U6: 79 | V6: 18 | W6: 20 | X6: 36 | Y6: 5 | Z6: AR Hot Springs Garland | AA6: 64
P7: NCHE | Q7: =Q6+1 -> 6 | R7: 8XXX-TRVL | S7: 8XXX-TRANSPORT | T7: 2122-NON STAFF DB AIRFARE | Z7: AZ Grand Canyon / Flagstaff Coconino / Yavapai less the city of Sedona | AA7: 74
A8: Name | H8: Personal Charges Deducted | J8: enter positive amount | Q8: =Q7+1 -> 7 | R8: 8XXX-TRVL | S8: 8XXX-TRANSPORT | T8: 2122-NON STAFF DB AIRFARE | Z8: AZ Kayenta Navajo | AA8: 64
A9: Address | H9: Travel Advance | J9: enter positive amount | Z9: AZ Phoenix / Scottsdale Maricopa | AA9: 69
A10: Address | Z10: AZ Sedona City Limits of Sedona | AA10: 79
A11: Purpose of Trip | H11: Direct-Billed Lodging | I11: NO | Z11: AZ Tucson Pima | AA11: 64
A12: Date (mm/dd/yy) | J12: format mm/dd/yy | Z12: CA Antioch / Brentwood / Concord Contra Costa | AA12: 74
A13: Direct-Billed (DB) Airfare/Train: Select Drop-Down | B13: Ticket # | C13: Ticket Amount | I13: Total | Z13: CA Bakersfield / Ridgecrest Kern | AA13: 64
D14: =IF(C14<0,"ERROR NEGATIVE AMT"," ") | I14: =SUM(C14:H14) -> 0 | J14: attach supporting documentation | M14: =B14 -> 0 | Z14: CA Barstow / Ontario / Victorville San Bernardino | AA14: 64
D15: =IF(C15<0,"ERROR NEGATIVE AMT"," ") | I15: =SUM(C15:H15) -> 0 | J15: attach supporting documentation | M15: =B15 -> 0 | Z15: CA Death Valley Inyo / NAWS China Lake | AA15: 69
D16: =IF(C16<0,"ERROR NEGATIVE AMT"," ") | I16: =SUM(C16:H16) -> 0 | J16: attach supporting documentation | M16: =B16 -> 0 | Z16: CA Eureka / Arcata / McKinleyville Humboldt | AA16: 69
D17: =IF(C17<0,"ERROR NEGATIVE AMT"," ") | I17: =SUM(C17:H17) -> 0 | J17: attach supporting documentation | M17: =B17 -> 0 | Z17: CA Fresno Fresno | AA17: 69
A18: Total DB Ticket Amount | C18: =SUM(C14:C17) -> 0 | I18: =SUM(I14:I17) -> 0 | Z18: CA Los Angeles Los Angeles / Orange / Ventura / Edwards AFB less the city of Santa Monica | AA18: 74
A19: Destination | J19: select drop down box | Z19: CA Mammoth Lakes Mono | AA19: 79
A20: Per Diem Destination | C20: =IF(ISNA(VLOOKUP(C19,$Z2:$AA321,2,0)),"",VLOOKUP(C19,$Z2:$AA321,2,FALSE)) | D20: =IF(ISNA(VLOOKUP(D19,$Z2:$AA321,2,0)),"",VLOOKUP(D19,$Z2:$AA321,2,FALSE)) | E20: =IF(ISNA(VLOOKUP(E19,$Z2:$AA321,2,0)),"",VLOOKUP(E19,$Z2:$AA321,2,FALSE)) | F20: =IF(ISNA(VLOOKUP(F19,$Z2:$AA321,2,0)),"",VLOOKUP(F19,$Z2:$AA321,2,FALSE)) | G20: =IF(ISNA(VLOOKUP(G19,$Z2:$AA321,2,0)),"",VLOOKUP(G19,$Z2:$AA321,2,FALSE)) | H20: =IF(ISNA(VLOOKUP(H19,$Z2:$AA321,2,0)),"",VLOOKUP(H19,$Z2:$AA321,2,FALSE)) | Z20: CA Mill Valley / San Rafael / Novato Marin | AA20: 74
A21: Per Diem 75% or 100% | J21: select drop down box | Z21: CA Monterey Monterey | AA21: 74
A22: Meals & Incidental Exp Per Diem | C22: =C71 -> 0 | D22: =D71 -> 0 | E22: =E71 -> 0 | F22: =F71 -> 0 | G22: =G71 -> 0 | H22: =H71 -> 0 | Z22: CA Napa Napa | AA22: 79
A23: Provided-Breakfast | J23: select drop down box | Z23: CA Oakhurst Madera | AA23: 69
A24: Provided-Lunch | J24: select drop down box | Z24: CA Oakland Alameda | AA24: 74
A25: Provided-Dinner | J25: select drop down box | Z25: CA Palm Springs Riverside | AA25: 69
A26: TOTAL M&IE | C26: =C84 -> 0 | D26: =D84 -> 0 | E26: =E84 -> 0 | F26: =F84 -> 0 | G26: =G84 -> 0 | H26: =H84 -> 0 | I26: =SUM(C26:H26) -> 0 | Z26: CA Point Arena / Gualala Mendocino | AA26: 79
A27: Lodging/Overnight | I27: =SUM(C27:H27) -> 0 | J27: attach supporting documentation | Z27: CA Sacramento Sacramento | AA27: 69
A28: Baggage Fees | I28: =SUM(C28:H28) -> 0 | J28: attach supporting documentation | Z28: CA San Diego San Diego | AA28: 74
A29: MILEAGE: PERSONAL VEHICLE | J29: enter miles driven in personal vehicle | Z29: CA San Francisco San Francisco | AA29: 79
A30: Mileage Amount | C30: =IF(C$12="",C$94,IF(OR(C$12<$L$3,C$12>$L$4),"CHECK DATE",IF(C$12="",C$94,C$94))) -> 0 | D30: =IF(D$12="",D$94,IF(OR(D$12<$L$3,D$12>$L$4),"CHECK DATE",IF(D$12="",D$94,D$94))) -> 0 | E30: =IF(E$12="",E$94,IF(OR(E$12<$L$3,E$12>$L$4),"CHECK DATE",IF(E$12="",E$94,E$94))) -> 0 | F30: =IF(F$12="",F$94,IF(OR(F$12<$L$3,F$12>$L$4),"CHECK DATE",IF(F$12="",F$94,F$94))) -> 0 | G30: =IF(G$12="",G$94,IF(OR(G$12<$L$3,G$12>$L$4),"CHECK DATE",IF(G$12="",G$94,G$94))) -> 0 | H30: =IF(H$12="",H$94,IF(OR(H$12<$L$3,H$12>$L$4),"CHECK DATE",IF(H$12="",H$94,H$94))) -> 0 | I30: =SUM(C30:H30) -> 0 | J30: attach supporting documentation (MapQuest) | Z30: CA San Luis Obispo San Luis Obispo | AA30: 74
A31: Parking & Tolls | I31: =SUM(C31:H31) -> 0 | J31: attach supporting documentation | Z31: CA San Mateo / Foster City / Belmont San Mateo | AA31: 74
A32: Taxi, Rideshare, Shuttle | I32: =SUM(C32:H32) -> 0 | J32: attach supporting documentation | Z32: CA Santa Barbara Santa Barbara | AA32: 74
A33: Other | I33: =SUM(C33:H33) -> 0 | J33: move cursor over red triangle for instructions | Z33: CA Santa Cruz Santa Cruz | AA33: 69
A34: TOTAL | C34: =C$99 -> ENTER DATE | D34: =D$99 -> ENTER DATE | E34: =E$99 -> ENTER DATE | F34: =F$99 -> ENTER DATE | G34: =G$99 -> ENTER DATE | H34: =H$99 -> ENTER DATE | I34: =I$99 -> 0 | Z34: CA Santa Monica City limits of Santa Monica | AA34: 79
A35: EXPLANATIONS BY LINE NUMBER. Original itemized receipts required per policy. | G35: TOTAL DEDUCTIONS | I35: =-I109 -> 0 | Z35: CA Santa Rosa Sonoma | AA35: 74
G36: =IF(I36>=0,"DUE TRAVELER","TRAVELER OWES NEA") -> DUE TRAVELER | I36: =SUM(I34:I35) -> 0 | K36: =I36 -> 0 | Z36: CA South Lake Tahoe El Dorado | AA36: 74
Z37: CA Stockton San Joaquin | AA37: 74
Z38: CA Sunnyvale / Palo Alto / San Jose Santa Clara | AA38: 74
Z39: CA Tahoe City Placer | AA39: 74
A40: Account | B40: Cost Center | C40: Project | D40: SID | E40: DOL | F40: Voucher Line Description | G40: Jrnl Line Ref | H40: DEBIT (+) | I40: CREDIT (-) | Z40: CA Truckee Nevada | AA40: 79
A41: =IF($B$89=1,R$2,IF($B$89=2,R$3,IF($B$89=3,R$4,IF($B$89=4,R$5,IF($B$89=5,R$6,IF($B$89=6,R$7,IF($B$89=7,R$8,IF($B$89=8,R$9,IF($B$89=9,R$10,IF($B$89=10,R$11,IF($B$89=11,R$12,IF($B$89=12,R$13)))))))))))) -> #N/A | E41: =B$4 -> 0 | F41: =O41 -> 1/00/00- 0 | H41: =O50 -> 0 | K41: =C$12 -> 0 | L41: =I$2 | M41: =C$11 -> 0 | O41: =CONCATENATE(TEXT(K41,("m/dd/yy")), "-", TEXT(L41,("m/dd/yy")), " ", M41) -> 1/00/00- 0 | Z41: CA Visalia Tulare | AA41: 69
A42: =IF($B$89=1,S$2,IF($B$89=2,S$3,IF($B$89=3,S$4,IF($B$89=4,S$5,IF($B$89=5,S$6,IF($B$89=6,S$7,IF($B$89=7,S$8,IF($B$89=8,S$9,IF($B$89=9,S$10,IF($B$89=10,S$11,IF($B$89=11,S$12,IF($B$89=12,S$13)))))))))))) -> #N/A | B42: =B$41 -> 0 | C42: =C$41 -> 0 | D42: =D$41 -> 0 | E42: =B$4 -> 0 | F42: =O42 -> 1/00/00- 0 | H42: =SUMIF($C$34:$H$34,"<>ENTER DATE",$C86:$H86) -> 0 | K42: =C$12 -> 0 | L42: =I$2 | M42: =C$11 -> 0 | O42: =CONCATENATE(TEXT(K42,("m/dd/yy")), "-", TEXT(L42,("m/dd/yy")), " ", M42) -> 1/00/00- 0 | Z42: CA West Sacramento / Davis Yolo | AA42: 69
A43: 1700-TRAVEL ADVANCE | B43: NEA | E43: =B$4 -> 0 | F43: =O43 -> 1/00/00- | I43: =I9 -> 0 | K43: =C$12 -> 0 | L43: =I$2 | O43: =CONCATENATE(TEXT(K43,("m/dd/yy")), "-", TEXT(L43,("m/dd/yy"))) -> 1/00/00- | Z43: CA Yosemite National Park Mariposa | AA43: 79
A44: =IF($B$89=1,T$2,IF($B$89=2,T$3,IF($B$89=3,T$4,IF($B$89=4,T$5,IF($B$89=5,T$6,IF($B$89=6,T$7,IF($B$89=7,T$8,IF($B$89=8,T$9,IF($B$89=9,T$10,IF($B$89=10,T$11,IF($B$89=11,T$12,IF($B$89=12,T$13)))))))))))) -> #N/A | B44: NEA | E44: =B$4 -> 0 | F44: =O44 -> 1/00/00- | G44: =IF(B$14=0,"enter airfare tix",B$14) -> enter airfare tix | H44: =IF(I$14>=0,0,-I$14) -> 0 | I44: =IF(I$14>0,I$14,0) -> 0 | K44: =C$12 -> 0 | L44: =I$2 | O44: =CONCATENATE(TEXT(K44,("m/dd/yy")), "-", TEXT(L44,("m/dd/yy"))) -> 1/00/00- | Z44: CO Aspen Pitkin | AA44: 79
A45: =IF($B$89=1,T$2,IF($B$89=2,T$3,IF($B$89=3,T$4,IF($B$89=4,T$5,IF($B$89=5,T$6,IF($B$89=6,T$7,IF($B$89=7,T$8,IF($B$89=8,T$9,IF($B$89=9,T$10,IF($B$89=10,T$11,IF($B$89=11,T$12,IF($B$89=12,T$13)))))))))))) -> #N/A | B45: NEA | E45: =B$4 -> 0 | F45: =O45 -> 1/00/00- | G45: =IF(B$15=0,"enter airfare tix",B$15) -> enter airfare tix | H45: =IF(I$15>=0,0,-I$15) -> 0 | I45: =IF(I$15>0,I$15,0) -> 0 | K45: =C$12 -> 0 | L45: =I$2 | O45: =CONCATENATE(TEXT(K45,("m/dd/yy")), "-", TEXT(L45,("m/dd/yy"))) -> 1/00/00- | Z45: CO Boulder / Broomfield Boulder / Broomfield | AA45: 69
A46: =IF($B$89=1,T$2,IF($B$89=2,T$3,IF($B$89=3,T$4,IF($B$89=4,T$5,IF($B$89=5,T$6,IF($B$89=6,T$7,IF($B$89=7,T$8,IF($B$89=8,T$9,IF($B$89=9,T$10,IF($B$89=10,T$11,IF($B$89=11,T$12,IF($B$89=12,T$13)))))))))))) -> #N/A | B46: NEA | E46: =B$4 -> 0 | F46: =O46 -> 1/00/00- | G46: =IF(B$16=0,"enter airfare tix",B$16) -> enter airfare tix | H46: =IF(I$16>=0,0,-I$16) -> 0 | I46: =IF(I$16>0,I$16,0) -> 0 | K46: =C$12 -> 0 | L46: =I$2 | O46: =CONCATENATE(TEXT(K46,("m/dd/yy")), "-", TEXT(L46,("m/dd/yy"))) -> 1/00/00- | Z46: CO Colorado Springs El Paso | AA46: 69
A47: =IF($B$89=1,T$2,IF($B$89=2,T$3,IF($B$89=3,T$4,IF($B$89=4,T$5,IF($B$89=5,T$6,IF($B$89=6,T$7,IF($B$89=7,T$8,IF($B$89=8,T$9,IF($B$89=9,T$10,IF($B$89=10,T$11,IF($B$89=11,T$12,IF($B$89=12,T$13)))))))))))) -> #N/A | B47: NEA | E47: =B$4 -> 0 | F47: =O47 -> 1/00/00- | G47: =IF(B$17=0,"enter airfare tix",B$17) -> enter airfare tix | H47: =IF(I$17>=0,0,-I$17) -> 0 | I47: =IF(I$17>0,I$17,0) -> 0 | K47: =C$12 -> 0 | L47: =I$2 | O47: =CONCATENATE(TEXT(K47,("m/dd/yy")), "-", TEXT(L47,("m/dd/yy"))) -> 1/00/00- | Z47: CO Cortez Montezuma | AA47: 64
A48: =A41 -> #N/A | B48: =B$41 -> 0 | C48: =C$41 -> 0 | D48: =D$41 -> 0 | E48: =B$4 -> 0 | F48: =O48 -> PERSONAL- | I48: =I8 -> 0 | L48: =I$2 | M48: PERSONAL | O48: =CONCATENATE(M48,"-",TEXT(L48,("m/dd/yy"))) -> PERSONAL- | Z48: CO Crested Butte / Gunnison Gunnison | AA48: 74
A49: OTHER PAID BY TRAVELER | B49: =B$41 -> 0 | C49: =C$41 -> 0 | D49: =D$41 -> 0 | E49: =B$4 -> 0 | H49: =SUMIF($C$34:$H$34,"<>ENTER DATE",$C$33:$H$33) -> 0 | J49: populate fields for "Other" | Z49: CO Denver / Aurora Denver / Adams / Arapahoe / Jefferson | AA49: 79
G50: TOTAL | H50: =SUM(H41:H49) -> 0 | I50: =SUM(I41:I49) -> 0 | K50: =H50-I50 -> 0 | L50: =SUM(H42:H49) -> 0 | M50: =SUM(I42:I49) -> 0 | O50: =K36-L50+M50 -> 0 | Z50: CO Douglas Douglas | AA50: 69
A51: TRAVELER'S SIGNATURE | F51: Date | G51: NET TOTAL | H51: =IF(K50>0,K50,0) -> 0 | I51: =-IF(K50<0,K50,0) -> 0 | K51: =K36-K50 -> 0 | Z51: CO Durango La Plata | AA51: 74
A52: I declare that the expenses listed above are true and accurate to the best of my knowledge and belief. Reimbursements not adhering to IRS regulations are taxable income and reported to the IRS. Expenses not accounted for within 60 calendar days from the date the expense was incurred are considered taxable income. | H52: DUE TRAVELER | I52: DUE NEA | Z52: CO Fort Collins / Loveland Larimer | AA52: 69
A53: NEA AUTHORIZING SIGNATURE | Z53: CO Grand Lake Grand | AA53: 79
A54: PRINT NAME | F54: Date | Z54: CO Montrose Montrose | AA54: 69
A55: I declare that the expenses listed above are true and accurate to the best of my knowledge and belief. | Z55: CO Silverthorne / Breckenridge Summit | AA55: 79
Z56: CO Steamboat Springs Routt | AA56: 79
A57: Breakfast 100% | B57: 1 | C57: =IF(C$20=$U$2,$V$2,IF(C$20=$U$3,$V$3,IF(C$20=$U$4,$V$4,IF(C$20=$U$5,$V$5,IF(C$20=$U$6,$V$6,IF(C$20=$U$7,$V$7,IF(C$20=$U$8,$V$8))))))) -> 0 | D57: =IF(D$20=$U$2,$V$2,IF(D$20=$U$3,$V$3,IF(D$20=$U$4,$V$4,IF(D$20=$U$5,$V$5,IF(D$20=$U$6,$V$6,IF(D$20=$U$7,$V$7,IF(D$20=$U$8,$V$8))))))) -> 0 | E57: =IF(E$20=$U$2,$V$2,IF(E$20=$U$3,$V$3,IF(E$20=$U$4,$V$4,IF(E$20=$U$5,$V$5,IF(E$20=$U$6,$V$6,IF(E$20=$U$7,$V$7,IF(E$20=$U$8,$V$8))))))) -> 0 | F57: =IF(F$20=$U$2,$V$2,IF(F$20=$U$3,$V$3,IF(F$20=$U$4,$V$4,IF(F$20=$U$5,$V$5,IF(F$20=$U$6,$V$6,IF(F$20=$U$7,$V$7,IF(F$20=$U$8,$V$8))))))) -> 0 | G57: =IF(G$20=$U$2,$V$2,IF(G$20=$U$3,$V$3,IF(G$20=$U$4,$V$4,IF(G$20=$U$5,$V$5,IF(G$20=$U$6,$V$6,IF(G$20=$U$7,$V$7,IF(G$20=$U$8,$V$8))))))) -> 0 | H57: =IF(H$20=$U$2,$V$2,IF(H$20=$U$3,$V$3,IF(H$20=$U$4,$V$4,IF(H$20=$U$5,$V$5,IF(H$20=$U$6,$V$6,IF(H$20=$U$7,$V$7,IF(H$20=$U$8,$V$8))))))) -> 0 | Z57: CO Telluride San Miguel | AA57: 79
A58: Breakfast 75% | B58: 1 | C58: =$B58*C57 -> 0 | D58: =$B58*D57 -> 0 | E58: =$B58*E57 -> 0 | F58: =$B58*F57 -> 0 | G58: =$B58*G57 -> 0 | H58: =$B58*H57 -> 0 | Z58: CO Vail Eagle | AA58: 79
A59: Lunch 100% | B59: 1 | C59: =IF(C$20=$U$2,$W$2,IF(C$20=$U$3,$W$3,IF(C$20=$U$4,$W$4,IF(C$20=$U$5,$W$5,IF(C$20=$U$6,$W$6,IF(C$20=$U$7,$W$7,IF(C$20=$U$8,$W$8))))))) -> 0 | D59: =IF(D$20=$U$2,$W$2,IF(D$20=$U$3,$W$3,IF(D$20=$U$4,$W$4,IF(D$20=$U$5,$W$5,IF(D$20=$U$6,$W$6,IF(D$20=$U$7,$W$7,IF(D$20=$U$8,$W$8))))))) -> 0 | E59: =IF(E$20=$U$2,$W$2,IF(E$20=$U$3,$W$3,IF(E$20=$U$4,$W$4,IF(E$20=$U$5,$W$5,IF(E$20=$U$6,$W$6,IF(E$20=$U$7,$W$7,IF(E$20=$U$8,$W$8))))))) -> 0 | F59: =IF(F$20=$U$2,$W$2,IF(F$20=$U$3,$W$3,IF(F$20=$U$4,$W$4,IF(F$20=$U$5,$W$5,IF(F$20=$U$6,$W$6,IF(F$20=$U$7,$W$7,IF(F$20=$U$8,$W$8))))))) -> 0 | G59: =IF(G$20=$U$2,$W$2,IF(G$20=$U$3,$W$3,IF(G$20=$U$4,$W$4,IF(G$20=$U$5,$W$5,IF(G$20=$U$6,$W$6,IF(G$20=$U$7,$W$7,IF(G$20=$U$8,$W$8))))))) -> 0 | H59: =IF(H$20=$U$2,$W$2,IF(H$20=$U$3,$W$3,IF(H$20=$U$4,$W$4,IF(H$20=$U$5,$W$5,IF(H$20=$U$6,$W$6,IF(H$20=$U$7,$W$7,IF(H$20=$U$8,$W$8))))))) -> 0 | Z59: CT Bridgeport / Danbury Fairfield | AA59: 69
A60: Lunch 75% | B60: 1 | C60: =$B60*C59 -> 0 | D60: =$B60*D59 -> 0 | E60: =$B60*E59 -> 0 | F60: =$B60*F59 -> 0 | G60: =$B60*G59 -> 0 | H60: =$B60*H59 -> 0 | Z60: CT Cromwell / Old Saybrook Middlesex | AA60: 64
A61: Dinner 100% | B61: 1 | C61: =IF(C$20=$U$2,$X$2,IF(C$20=$U$3,$X$3,IF(C$20=$U$4,$X$4,IF(C$20=$U$5,$X$5,IF(C$20=$U$6,$X$6,IF(C$20=$U$7,$X$7,IF(C$20=$U$8,$X$8))))))) -> 0 | D61: =IF(D$20=$U$2,$X$2,IF(D$20=$U$3,$X$3,IF(D$20=$U$4,$X$4,IF(D$20=$U$5,$X$5,IF(D$20=$U$6,$X$6,IF(D$20=$U$7,$X$7,IF(D$20=$U$8,$X$8))))))) -> 0 | E61: =IF(E$20=$U$2,$X$2,IF(E$20=$U$3,$X$3,IF(E$20=$U$4,$X$4,IF(E$20=$U$5,$X$5,IF(E$20=$U$6,$X$6,IF(E$20=$U$7,$X$7,IF(E$20=$U$8,$X$8))))))) -> 0 | F61: =IF(F$20=$U$2,$X$2,IF(F$20=$U$3,$X$3,IF(F$20=$U$4,$X$4,IF(F$20=$U$5,$X$5,IF(F$20=$U$6,$X$6,IF(F$20=$U$7,$X$7,IF(F$20=$U$8,$X$8))))))) -> 0 | G61: =IF(G$20=$U$2,$X$2,IF(G$20=$U$3,$X$3,IF(G$20=$U$4,$X$4,IF(G$20=$U$5,$X$5,IF(G$20=$U$6,$X$6,IF(G$20=$U$7,$X$7,IF(G$20=$U$8,$X$8))))))) -> 0 | H61: =IF(H$20=$U$2,$X$2,IF(H$20=$U$3,$X$3,IF(H$20=$U$4,$X$4,IF(H$20=$U$5,$X$5,IF(H$20=$U$6,$X$6,IF(H$20=$U$7,$X$7,IF(H$20=$U$8,$X$8))))))) -> 0 | Z61: CT Hartford Hartford | AA61: 69
A62: Dinner 75% | B62: 1 | C62: =$B62*C61 -> 0 | D62: =$B62*D61 -> 0 | E62: =$B62*E61 -> 0 | F62: =$B62*F61 -> 0 | G62: =$B62*G61 -> 0 | H62: =$B62*H61 -> 0 | Z62: CT New Haven New Haven | AA62: 69
Z63: CT New London / Groton New London | AA63: 69
A64: Provided-Breakfast | C64: =IF(C$21=100%,C57,C58) -> 0 | D64: =IF(D$21=100%,D57,D58) -> 0 | E64: =IF(E$21=100%,E57,E58) -> 0 | F64: =IF(F$21=100%,F57,F58) -> 0 | G64: =IF(G$21=100%,G57,G58) -> 0 | H64: =IF(H$21=100%,H57,H58) -> 0 | Z64: DC District of Columbia Washington DC (also the cities of Alexandria, Falls Church and Fairfax, and the counties of Arlington and Fairfax, in Virginia; and the counties of Montgomery and Prince George's in Maryland) | AA64: 79
A65: Provided-Lunch | C65: =IF(C$21=100%,C59,C60) -> 0 | D65: =IF(D$21=100%,D59,D60) -> 0 | E65: =IF(E$21=100%,E59,E60) -> 0 | F65: =IF(F$21=100%,F59,F60) -> 0 | G65: =IF(G$21=100%,G59,G60) -> 0 | H65: =IF(H$21=100%,H59,H60) -> 0 | Z65: DE Lewes Sussex | AA65: 64
A66: Provided-Dinner | C66: =IF(C$21=100%,C61,C62) -> 0 | D66: =IF(D$21=100%,D61,D62) -> 0 | E66: =IF(E$21=100%,E61,E62) -> 0 | F66: =IF(F$21=100%,F61,F62) -> 0 | G66: =IF(G$21=100%,G61,G62) -> 0 | H66: =IF(H$21=100%,H61,H62) -> 0 | Z66: DE Wilmington New Castle | AA66: 64
Z67: FL Boca Raton / Delray Beach / Jupiter Palm Beach / Hendry | AA67: 69
A68: PER DIEM RATE | C68: =C20 | D68: =D20 | E68: =E20 | F68: =F20 | G68: =G20 | H68: =H20 | Z68: FL Bradenton Manatee | AA68: 64
A69: PER DIEM RATE BLANK TEST | C69: =IF(C68="",0,C68) -> 0 | D69: =IF(D68="",0,D68) -> 0 | E69: =IF(E68="",0,E68) -> 0 | F69: =IF(F68="",0,F68) -> 0 | G69: =IF(G68="",0,G68) -> 0 | H69: =IF(H68="",0,H68) -> 0 | Z69: FL Cocoa Beach Brevard | AA69: 74
A70: PERCENT | C70: =C$21 -> 0 | D70: =D$21 -> 0 | E70: =E$21 -> 0 | F70: =F$21 -> 0 | G70: =G$21 -> 0 | H70: =H$21 -> 0 | Z70: FL Daytona Beach Volusia | AA70: 69
A71: TOTAL M&IE PER DIEM @ PERCENT | C71: =C69*C70 -> 0 | D71: =D69*D70 -> 0 | E71: =E69*E70 -> 0 | F71: =F69*F70 -> 0 | G71: =G69*G70 -> 0 | H71: =H69*H70 -> 0 | Z71: FL Fort Lauderdale Broward | AA71: 69
A72: INCIDENTAL PER DIEM-requires link | C72: =$Y2 -> 5 | D72: =$Y2 -> 5 | E72: =$Y2 -> 5 | F72: =$Y2 -> 5 | G72: =$Y2 -> 5 | H72: =$Y2 -> 5 | Z72: FL Fort Myers Lee | AA72: 64
A73: MEAL PER DIEM | C73: =C68-C72 -> #VALUE! | D73: =D68-D72 -> #VALUE! | E73: =E68-E72 -> #VALUE! | F73: =F68-F72 -> #VALUE! | G73: =G68-G72 -> #VALUE! | H73: =H68-H72 -> #VALUE! | Z73: FL Fort Walton Beach / De Funiak Springs Okaloosa / Walton | AA73: 69
A74: TOTAL MEALS PROVIDED | C74: =SUM(C$23:C$25) -> 0 | D74: =SUM(D$23:D$25) -> 0 | E74: =SUM(E$23:E$25) -> 0 | F74: =SUM(F$23:F$25) -> 0 | G74: =SUM(G$23:G$25) -> 0 | H74: =SUM(H$23:H$25) -> 0 | Z74: FL Gulf Breeze Santa Rosa | AA74: 59
A75: MEAL PROVIDED TEST | C75: =IF(C74>0,"YES MEAL","NO") -> NO | D75: =IF(D74>0,"YES MEAL","NO") -> NO | E75: =IF(E74>0,"YES MEAL","NO") -> NO | F75: =IF(F74>0,"YES MEAL","NO") -> NO | G75: =IF(G74>0,"YES MEAL","NO") -> NO | H75: =IF(H74>0,"YES MEAL","NO") -> NO | Z75: FL Key West Monroe | AA75: 69
A76: INCIDENTAL DUE TRAVELER | C76: =IF(C75="YES MEAL",C72,C72*C70) -> 0 | D76: =IF(D75="YES MEAL",D72,D72*D70) -> 0 | E76: =IF(E75="YES MEAL",E72,E72*E70) -> 0 | F76: =IF(F75="YES MEAL",F72,F72*F70) -> 0 | G76: =IF(G75="YES MEAL",G72,G72*G70) -> 0 | H76: =IF(H75="YES MEAL",H72,H72*H70) -> 0 | Z76: FL Miami Miami-Dade | AA76: 69
A77: TOTAL MEALS PROVIDED + INCIDENTAL | C77: =C74+C76 -> 0 | D77: =D74+D76 -> 0 | E77: =E74+E76 -> 0 | F77: =F74+F76 -> 0 | G77: =G74+G76 -> 0 | H77: =H74+H76 -> 0 | Z77: FL Naples Collier | AA77: 69
A78: MEAL PER DIEM BALANCE | C78: =C71-C77 -> 0 | D78: =D71-D77 -> 0 | E78: =E71-E77 -> 0 | F78: =F71-F77 -> 0 | G78: =G71-G77 -> 0 | H78: =H71-H77 -> 0 | Z78: FL Orlando Orange | AA78: 69
A79: MEAL DUE TRAVELER | C79: =IF(C78<0,0,C78) -> 0 | D79: =IF(D78<0,0,D78) -> 0 | E79: =IF(E78<0,0,E78) -> 0 | F79: =IF(F78<0,0,F78) -> 0 | G79: =IF(G78<0,0,G78) -> 0 | H79: =IF(H78<0,0,H78) -> 0 | Z79: FL Panama City Bay | AA79: 64
A80: TOTAL M&IE | C80: =C76+C79 -> 0 | D80: =D76+D79 -> 0 | E80: =E76+E79 -> 0 | F80: =F76+F79 -> 0 | G80: =G76+G79 -> 0 | H80: =H76+H79 -> 0 | Z80: FL Pensacola Escambia | AA80: 64
A81: DESTINATION BLANK TEST | C81: =IF(C$19="",1,0) -> 1 | D81: =IF(D$19="",1,0) -> 1 | E81: =IF(E$19="",1,0) -> 1 | F81: =IF(F$19="",1,0) -> 1 | G81: =IF(G$19="",1,0) -> 1 | H81: =IF(H$19="",1,0) -> 1 | Z81: FL Punta Gorda Charlotte | AA81: 64
A82: PERCENT BLANK TEST | C82: =IF(C$21="","1.00",0) -> 1.00 | D82: =IF(D$21="","1.00",0) -> 1.00 | E82: =IF(E$21="","1.00",0) -> 1.00 | F82: =IF(F$21="","1.00",0) -> 1.00 | G82: =IF(G$21="","1.00",0) -> 1.00 | H82: =IF(H$21="","1.00",0) -> 1.00 | Z82: FL Sarasota Sarasota | AA82: 69
A83: TOTAL BLANK TEST | C83: =C81+C82 -> 2 | D83: =D81+D82 -> 2 | E83: =E81+E82 -> 2 | F83: =F81+F82 -> 2 | G83: =G81+G82 -> 2 | H83: =H81+H82 -> 2 | Z83: FL Sebring Highlands | AA83: 64
A84: TOTAL M&IE DUE TRAVELER | C84: =IF(C83=0,C80,0) -> 0 | D84: =IF(D83=0,D80,0) -> 0 | E84: =IF(E83=0,E80,0) -> 0 | F84: =IF(F83=0,F80,0) -> 0 | G84: =IF(G83=0,G80,0) -> 0 | H84: =IF(H83=0,H80,0) -> 0 | Z84: FL St. Augustine St. Johns | AA84: 69
Z85: FL Stuart Martin | AA85: 69
A86: TOTAL TRANSPORTATION | C86: =SUM(C30:C32) -> 0 | D86: =SUM(D30:D32) -> 0 | E86: =SUM(E30:E32) -> 0 | F86: =SUM(F30:F32) -> 0 | G86: =SUM(G30:G32) -> 0 | H86: =SUM(H30:H32) -> 0 | Z86: FL Tallahassee Leon | AA86: 64
Z87: FL Tampa / St. Petersburg Pinellas / Hillsborough | AA87: 69
Z88: FL Vero Beach Indian River | AA88: 69
A89: Travel Group Code | B89: =VLOOKUP(B1,P2:Q27,2,FALSE) -> #N/A | Z89: GA Athens Clarke | AA89: 59
Z90: GA Atlanta Fulton / Dekalb | AA90: 74
A91: DATE BLANK TEST | C91: =IF(C$12="",1,0) -> 1 | D91: =IF(D$12="",1,0) -> 1 | E91: =IF(E$12="",1,0) -> 1 | F91: =IF(F$12="",1,0) -> 1 | G91: =IF(G$12="",1,0) -> 1 | H91: =IF(H$12="",1,0) -> 1 | Z91: GA Augusta Richmond | AA91: 59
A92: MILEAGE RATE | C92: =IF(C$12>=$L$2,$M$2,$M$3) -> 0.585 | D92: =IF(D$12>=$L$2,$M$2,$M$3) -> 0.585 | E92: =IF(E$12>=$L$2,$M$2,$M$3) -> 0.585 | F92: =IF(F$12>=$L$2,$M$2,$M$3) -> 0.585 | G92: =IF(G$12>=$L$2,$M$2,$M$3) -> 0.585 | H92: =IF(H$12>=$L$2,$M$2,$M$3) -> 0.585 | Z92: GA Jekyll Island / Brunswick Glynn | AA92: 79
A93: MILEAGE | C93: =C$29 -> 0 | D93: =D$29 -> 0 | E93: =E$29 -> 0 | F93: =F$29 -> 0 | G93: =G$29 -> 0 | H93: =H$29 -> 0 | Z93: GA Marietta Cobb | AA93: 64
A94: MILEAGE AMOUNT | C94: =IF(C91=0,ROUND(C92*C93,2),0) -> 0 | D94: =IF(D91=0,ROUND(D92*D93,2),0) -> 0 | E94: =IF(E91=0,ROUND(E92*E93,2),0) -> 0 | F94: =IF(F91=0,ROUND(F92*F93,2),0) -> 0 | G94: =IF(G91=0,ROUND(G92*G93,2),0) -> 0 | H94: =IF(H91=0,ROUND(H92*H93,2),0) -> 0 | Z94: GA Savannah Chatham | AA94: 69
Z95: IA Dallas Dallas | AA95: 69
A96: DATE BLANK TEST | C96: =IF(C$12="",1,0) -> 1 | D96: =IF(D$12="",1,0) -> 1 | E96: =IF(E$12="",1,0) -> 1 | F96: =IF(F$12="",1,0) -> 1 | G96: =IF(G$12="",1,0) -> 1 | H96: =IF(H$12="",1,0) -> 1 | Z96: IA Des Moines Polk | AA96: 64 | AB96: MA Boston / Cambridge Suffolk, city of Cambridge | AC96: 79
A97: TOTAL EXPENSES | C97: =C$18+SUM(C$26:C$28)+SUM(C$30:C$33) -> 0 | D97: =D$18+SUM(D$26:D$28)+SUM(D$30:D$33) -> 0 | E97: =E$18+SUM(E$26:E$28)+SUM(E$30:E$33) -> 0 | F97: =F$18+SUM(F$26:F$28)+SUM(F$30:F$33) -> 0 | G97: =G$18+SUM(G$26:G$28)+SUM(G$30:G$33) -> 0 | H97: =H$18+SUM(H$26:H$28)+SUM(H$30:H$33) -> 0 | I97: =SUM(C97:H97) -> 0 | Z97: ID Boise Ada | AA97: 74 | AB97: MA Burlington / Woburn Middlesex less the city of Cambridge | AC97: 69
A98: EXPENSE DATE TEST | C98: =IF(C$96=0,C$97,0) -> 0 | D98: =IF(D$96=0,D$97,0) -> 0 | E98: =IF(E$96=0,E$97,0) -> 0 | F98: =IF(F$96=0,F$97,0) -> 0 | G98: =IF(G$96=0,G$97,0) -> 0 | H98: =IF(H$96=0,H$97,0) -> 0 | I98: =SUM(C98:H98) -> 0 | Z98: ID Coeur d'Alene Kootenai | AA98: 64 | AB98: MA Falmouth City limits of Falmouth | AC98: 69
A99: TOTAL REIMBURSED | C99: =IF(C98>0,C98,"ENTER DATE") -> ENTER DATE | D99: =IF(D98>0,D98,"ENTER DATE") -> ENTER DATE | E99: =IF(E98>0,E98,"ENTER DATE") -> ENTER DATE | F99: =IF(F98>0,F98,"ENTER DATE") -> ENTER DATE | G99: =IF(G98>0,G98,"ENTER DATE") -> ENTER DATE | H99: =IF(H98>0,H98,"ENTER DATE") -> ENTER DATE | I99: =SUM(C99:H99) -> 0 | Z99: ID Sun Valley / Ketchum Blaine / Elmore | AA99: 74 | AB99: MA Hyannis Barnstable less the city of Falmouth | AC99: 69
Z100: IL Bolingbrook / Romeoville / Lemont Will | AA100: 64 | AB100: MA Martha's Vineyard Dukes | AC100: 79
...

Sheet CONUS PAGE 2
A1: Travel Group | C1: Move cursor over red triangle to view instructions | H1: Invoice # | I1: =IF(C$12=0," ",MAX(C12:H12)) | J1: PeopleSoft AP User: enter in PeopleSoft | K1: Trip DOL | L1: Mileage Date | M1: IRS Mileage Rate | N1: Ticket Type | O1: Per Diem Percent | P1: Travel Group | Q1: Group Code | R1: Expense Acct | S1: Transportation Acct | T1: DB Airfare Acct | U1: M&IE @ 100% | V1: Breakfast | W1: Lunch | X1: Dinner | Y1: Incidental | Z1: FY2022 Per Diem Rates - Effective October 1, 2021 | AA1: FY22 M&IE | AB1: TEST
A2: Calendar Year of Travel | B2: 2022 | C2: EFFECTIVE: 07/01/2022 | H2: Invoice Date | I2: =IF(C$12=0," ",MAX(C12:H12)) | J2: PeopleSoft AP User: enter in PeopleSoft | K2: H4999 | L2: 44743 | M2: 0.625 | N2: Original Ticket | O2: 1 | P2: NON-STAFF | Q2: 1 | R2: 5651-NON STAFF TRVL | S2: 5651-TRANSPORT | T2: 2122-NON STAFF DB AIRFARE | U2: 59 | V2: 13 | W2: 15 | X2: 26 | Y2: 5 | Z2: Standard CONUS rate applies to all counties not specifically listed. Cities not listed may be located in a listed county. | AA2: 59 | AB2: YES
A3: PeopleSoft Supplier ID | C3: NON STAFF TRAVEL AND EXPENSE FORM | H3: Voucher # | J3: PeopleSoft AP User: write Voucher # | K3: P4999 | L3: 44562 | M3: 0.585 | N3: Exchanged Ticket | O3: 0.75 | P3: GOV COMM | Q3: =Q2+1 -> 2 | R3: 5651-NON STAFF TRVL | S3: 5652-GOV TRANSPORT | T3: 2124-BOD DB AIRFARE | U3: 64 | V3: 14 | W3: 16 | X3: 29 | Y3: 5 | Z3: AL Birmingham Jefferson | AA3: 69 | AB3: NO
A4: Trip DOL | C4: GSA RATES: 10/01/21-09/30/22 | K4: R4999 | L4: 44926 | P4: VENDOR | Q4: =Q3+1 -> 3 | R4: 5650-VENDOR TRVL | S4: 5651-TRANSPORT | T4: 2122-NON STAFF DB AIRFARE | U4: 69 | V4: 16 | W4: 17 | X4: 31 | Y4: 5 | Z4: AL Gulf Shores Baldwin | AA4: 69
A5: Page | B5: 2 | K5: U4999 | P5: NCSEA | Q5: =Q4+1 -> 4 | R5: 8XXX-TRVL | S5: 8XXX-TRANSPORT | T5: 2122-NON STAFF DB AIRFARE | U5: 74 | V5: 17 | W5: 18 | X5: 34 | Y5: 5 | Z5: AL Mobile Mobile | AA5: 59
P6: NCESP | Q6: =Q5+1 -> 5 | R6: 8XXX-TRVL | S6: 8XXX-TRANSPORT | T6: 2122-NON STAFF DB AIRFARE | U6: 79 | V6: 18 | W6: 20 | X6: 36 | Y6: 5 | Z6: AR Hot Springs Garland | AA6: 64
P7: NCHE | Q7: =Q6+1 -> 6 | R7: 8XXX-TRVL | S7: 8XXX-TRANSPORT | T7: 2122-NON STAFF DB AIRFARE | Z7: AZ Grand Canyon / Flagstaff Coconino / Yavapai less the city of Sedona | AA7: 74
A8: Name | H8: Personal Charges Deducted | J8: enter positive amount | Q8: =Q7+1 -> 7 | R8: 8XXX-TRVL | S8: 8XXX-TRANSPORT | T8: 2122-NON STAFF DB AIRFARE | Z8: AZ Kayenta Navajo | AA8: 64
A9: Address | H9: Travel Advance | J9: enter positive amount | Z9: AZ Phoenix / Scottsdale Maricopa | AA9: 69
A10: Address | Z10: AZ Sedona City Limits of Sedona | AA10: 79
A11: Purpose of Trip | H11: Direct-Billed Lodging | I11: NO | Z11: AZ Tucson Pima | AA11: 64
A12: Date (mm/dd/yy) | J12: format mm/dd/yy | Z12: CA Antioch / Brentwood / Concord Contra Costa | AA12: 74
A13: Direct-Billed (DB) Airfare/Train: Select Drop-Down | B13: Ticket # | C13: Ticket Amount | I13: Total | Z13: CA Bakersfield / Ridgecrest Kern | AA13: 64
D14: =IF(C14<0,"ERROR NEGATIVE AMT"," ") | I14: =SUM(C14:H14) -> 0 | J14: attach supporting documentation | M14: =B14 -> 0 | Z14: CA Barstow / Ontario / Victorville San Bernardino | AA14: 64
D15: =IF(C15<0,"ERROR NEGATIVE AMT"," ") | I15: =SUM(C15:H15) -> 0 | J15: attach supporting documentation | M15: =B15 -> 0 | Z15: CA Death Valley Inyo / NAWS China Lake | AA15: 69
D16: =IF(C16<0,"ERROR NEGATIVE AMT"," ") | I16: =SUM(C16:H16) -> 0 | J16: attach supporting documentation | M16: =B16 -> 0 | Z16: CA Eureka / Arcata / McKinleyville Humboldt | AA16: 69
D17: =IF(C17<0,"ERROR NEGATIVE AMT"," ") | I17: =SUM(C17:H17) -> 0 | J17: attach supporting documentation | M17: =B17 -> 0 | Z17: CA Fresno Fresno | AA17: 69
A18: Total DB Ticket Amount | C18: =SUM(C14:C17) -> 0 | I18: =SUM(I14:I17) -> 0 | Z18: CA Los Angeles Los Angeles / Orange / Ventura / Edwards AFB less the city of Santa Monica | AA18: 74
A19: Destination | J19: select drop down box | Z19: CA Mammoth Lakes Mono | AA19: 79
A20: Per Diem Destination | C20: =IF(ISNA(VLOOKUP(C19,$Z2:$AA321,2,0)),"",VLOOKUP(C19,$Z2:$AA321,2,FALSE)) | D20: =IF(ISNA(VLOOKUP(D19,$Z2:$AA321,2,0)),"",VLOOKUP(D19,$Z2:$AA321,2,FALSE)) | E20: =IF(ISNA(VLOOKUP(E19,$Z2:$AA321,2,0)),"",VLOOKUP(E19,$Z2:$AA321,2,FALSE)) | F20: =IF(ISNA(VLOOKUP(F19,$Z2:$AA321,2,0)),"",VLOOKUP(F19,$Z2:$AA321,2,FALSE)) | G20: =IF(ISNA(VLOOKUP(G19,$Z2:$AA321,2,0)),"",VLOOKUP(G19,$Z2:$AA321,2,FALSE)) | H20: =IF(ISNA(VLOOKUP(H19,$Z2:$AA321,2,0)),"",VLOOKUP(H19,$Z2:$AA321,2,FALSE)) | Z20: CA Mill Valley / San Rafael / Novato Marin | AA20: 74
A21: Per Diem 75% or 100% | J21: select drop down box | Z21: CA Monterey Monterey | AA21: 74
A22: Meals & Incidental Exp Per Diem | C22: =C71 -> 0 | D22: =D71 -> 0 | E22: =E71 -> 0 | F22: =F71 -> 0 | G22: =G71 -> 0 | H22: =H71 -> 0 | Z22: CA Napa Napa | AA22: 79
A23: Provided-Breakfast | J23: select drop down box | Z23: CA Oakhurst Madera | AA23: 69
A24: Provided-Lunch | J24: select drop down box | Z24: CA Oakland Alameda | AA24: 74
A25: Provided-Dinner | J25: select drop down box | Z25: CA Palm Springs Riverside | AA25: 69
A26: TOTAL M&IE | C26: =C84 -> 0 | D26: =D84 -> 0 | E26: =E84 -> 0 | F26: =F84 -> 0 | G26: =G84 -> 0 | H26: =H84 -> 0 | I26: =SUM(C26:H26) -> 0 | Z26: CA Point Arena / Gualala Mendocino | AA26: 79
A27: Lodging/Overnight | I27: =SUM(C27:H27) -> 0 | J27: attach supporting documentation | Z27: CA Sacramento Sacramento | AA27: 69
A28: Baggage Fees | I28: =SUM(C28:H28) -> 0 | J28: attach supporting documentation | Z28: CA San Diego San Diego | AA28: 74
A29: MILEAGE: PERSONAL VEHICLE | J29: enter miles driven in personal vehicle | Z29: CA San Francisco San Francisco | AA29: 79
A30: Mileage Amount | C30: =IF(C$12="",C$94,IF(OR(C$12<$L$3,C$12>$L$4),"CHECK DATE",IF(C$12="",C$94,C$94))) -> 0 | D30: =IF(D$12="",D$94,IF(OR(D$12<$L$3,D$12>$L$4),"CHECK DATE",IF(D$12="",D$94,D$94))) -> 0 | E30: =IF(E$12="",E$94,IF(OR(E$12<$L$3,E$12>$L$4),"CHECK DATE",IF(E$12="",E$94,E$94))) -> 0 | F30: =IF(F$12="",F$94,IF(OR(F$12<$L$3,F$12>$L$4),"CHECK DATE",IF(F$12="",F$94,F$94))) -> 0 | G30: =IF(G$12="",G$94,IF(OR(G$12<$L$3,G$12>$L$4),"CHECK DATE",IF(G$12="",G$94,G$94))) -> 0 | H30: =IF(H$12="",H$94,IF(OR(H$12<$L$3,H$12>$L$4),"CHECK DATE",IF(H$12="",H$94,H$94))) -> 0 | I30: =SUM(C30:H30) -> 0 | J30: attach supporting documentation (MapQuest) | Z30: CA San Luis Obispo San Luis Obispo | AA30: 74
A31: Parking & Tolls | I31: =SUM(C31:H31) -> 0 | J31: attach supporting documentation | Z31: CA San Mateo / Foster City / Belmont San Mateo | AA31: 74
A32: Taxi, Rideshare, Shuttle | I32: =SUM(C32:H32) -> 0 | J32: attach supporting documentation | Z32: CA Santa Barbara Santa Barbara | AA32: 74
A33: Other | I33: =SUM(C33:H33) -> 0 | J33: move cursor over red triangle for instructions | Z33: CA Santa Cruz Santa Cruz | AA33: 69
A34: TOTAL | C34: =C$99 -> ENTER DATE | D34: =D$99 -> ENTER DATE | E34: =E$99 -> ENTER DATE | F34: =F$99 -> ENTER DATE | G34: =G$99 -> ENTER DATE | H34: =H$99 -> ENTER DATE | I34: =I$99 -> 0 | Z34: CA Santa Monica City limits of Santa Monica | AA34: 79
A35: EXPLANATIONS BY LINE NUMBER. Original itemized receipts required per policy. | G35: TOTAL DEDUCTIONS | I35: =-I109 -> 0 | Z35: CA Santa Rosa Sonoma | AA35: 74
G36: =IF(I36>=0,"DUE TRAVELER","TRAVELER OWES NEA") -> DUE TRAVELER | I36: =SUM(I34:I35) -> 0 | K36: =I36 -> 0 | Z36: CA South Lake Tahoe El Dorado | AA36: 74
Z37: CA Stockton San Joaquin | AA37: 74
Z38: CA Sunnyvale / Palo Alto / San Jose Santa Clara | AA38: 74
Z39: CA Tahoe City Placer | AA39: 74
A40: Account | B40: Cost Center | C40: Project | D40: SID | E40: DOL | F40: Voucher Line Description | G40: Jrnl Line Ref | H40: DEBIT (+) | I40: CREDIT (-) | Z40: CA Truckee Nevada | AA40: 79
A41: =IF($B$89=1,R$2,IF($B$89=2,R$3,IF($B$89=3,R$4,IF($B$89=4,R$5,IF($B$89=5,R$6,IF($B$89=6,R$7,IF($B$89=7,R$8,IF($B$89=8,R$9,IF($B$89=9,R$10,IF($B$89=10,R$11,IF($B$89=11,R$12,IF($B$89=12,R$13)))))))))))) -> #N/A | E41: =B$4 -> 0 | F41: =O41 -> 1/00/00- 0 | H41: =O50 -> 0 | K41: =C$12 -> 0 | L41: =I$2 | M41: =C$11 -> 0 | O41: =CONCATENATE(TEXT(K41,("m/dd/yy")), "-", TEXT(L41,("m/dd/yy")), " ", M41) -> 1/00/00- 0 | Z41: CA Visalia Tulare | AA41: 69
A42: =IF($B$89=1,S$2,IF($B$89=2,S$3,IF($B$89=3,S$4,IF($B$89=4,S$5,IF($B$89=5,S$6,IF($B$89=6,S$7,IF($B$89=7,S$8,IF($B$89=8,S$9,IF($B$89=9,S$10,IF($B$89=10,S$11,IF($B$89=11,S$12,IF($B$89=12,S$13)))))))))))) -> #N/A | B42: =B$41 -> 0 | C42: =C$41 -> 0 | D42: =D$41 -> 0 | E42: =B$4 -> 0 | F42: =O42 -> 1/00/00- 0 | H42: =SUMIF($C$34:$H$34,"<>ENTER DATE",$C86:$H86) -> 0 | K42: =C$12 -> 0 | L42: =I$2 | M42: =C$11 -> 0 | O42: =CONCATENATE(TEXT(K42,("m/dd/yy")), "-", TEXT(L42,("m/dd/yy")), " ", M42) -> 1/00/00- 0 | Z42: CA West Sacramento / Davis Yolo | AA42: 69
A43: 1700-TRAVEL ADVANCE | B43: NEA | E43: =B$4 -> 0 | F43: =O43 -> 1/00/00- | I43: =I9 -> 0 | K43: =C$12 -> 0 | L43: =I$2 | O43: =CONCATENATE(TEXT(K43,("m/dd/yy")), "-", TEXT(L43,("m/dd/yy"))) -> 1/00/00- | Z43: CA Yosemite National Park Mariposa | AA43: 79
A44: =IF($B$89=1,T$2,IF($B$89=2,T$3,IF($B$89=3,T$4,IF($B$89=4,T$5,IF($B$89=5,T$6,IF($B$89=6,T$7,IF($B$89=7,T$8,IF($B$89=8,T$9,IF($B$89=9,T$10,IF($B$89=10,T$11,IF($B$89=11,T$12,IF($B$89=12,T$13)))))))))))) -> #N/A | B44: NEA | E44: =B$4 -> 0 | F44: =O44 -> 1/00/00- | G44: =IF(B$14=0,"enter airfare tix",B$14) -> enter airfare tix | H44: =IF(I$14>=0,0,-I$14) -> 0 | I44: =IF(I$14>0,I$14,0) -> 0 | K44: =C$12 -> 0 | L44: =I$2 | O44: =CONCATENATE(TEXT(K44,("m/dd/yy")), "-", TEXT(L44,("m/dd/yy"))) -> 1/00/00- | Z44: CO Aspen Pitkin | AA44: 79
A45: =IF($B$89=1,T$2,IF($B$89=2,T$3,IF($B$89=3,T$4,IF($B$89=4,T$5,IF($B$89=5,T$6,IF($B$89=6,T$7,IF($B$89=7,T$8,IF($B$89=8,T$9,IF($B$89=9,T$10,IF($B$89=10,T$11,IF($B$89=11,T$12,IF($B$89=12,T$13)))))))))))) -> #N/A | B45: NEA | E45: =B$4 -> 0 | F45: =O45 -> 1/00/00- | G45: =IF(B$15=0,"enter airfare tix",B$15) -> enter airfare tix | H45: =IF(I$15>=0,0,-I$15) -> 0 | I45: =IF(I$15>0,I$15,0) -> 0 | K45: =C$12 -> 0 | L45: =I$2 | O45: =CONCATENATE(TEXT(K45,("m/dd/yy")), "-", TEXT(L45,("m/dd/yy"))) -> 1/00/00- | Z45: CO Boulder / Broomfield Boulder / Broomfield | AA45: 69
A46: =IF($B$89=1,T$2,IF($B$89=2,T$3,IF($B$89=3,T$4,IF($B$89=4,T$5,IF($B$89=5,T$6,IF($B$89=6,T$7,IF($B$89=7,T$8,IF($B$89=8,T$9,IF($B$89=9,T$10,IF($B$89=10,T$11,IF($B$89=11,T$12,IF($B$89=12,T$13)))))))))))) -> #N/A | B46: NEA | E46: =B$4 -> 0 | F46: =O46 -> 1/00/00- | G46: =IF(B$16=0,"enter airfare tix",B$16) -> enter airfare tix | H46: =IF(I$16>=0,0,-I$16) -> 0 | I46: =IF(I$16>0,I$16,0) -> 0 | K46: =C$12 -> 0 | L46: =I$2 | O46: =CONCATENATE(TEXT(K46,("m/dd/yy")), "-", TEXT(L46,("m/dd/yy"))) -> 1/00/00- | Z46: CO Colorado Springs El Paso | AA46: 69
A47: =IF($B$89=1,T$2,IF($B$89=2,T$3,IF($B$89=3,T$4,IF($B$89=4,T$5,IF($B$89=5,T$6,IF($B$89=6,T$7,IF($B$89=7,T$8,IF($B$89=8,T$9,IF($B$89=9,T$10,IF($B$89=10,T$11,IF($B$89=11,T$12,IF($B$89=12,T$13)))))))))))) -> #N/A | B47: NEA | E47: =B$4 -> 0 | F47: =O47 -> 1/00/00- | G47: =IF(B$17=0,"enter airfare tix",B$17) -> enter airfare tix | H47: =IF(I$17>=0,0,-I$17) -> 0 | I47: =IF(I$17>0,I$17,0) -> 0 | K47: =C$12 -> 0 | L47: =I$2 | O47: =CONCATENATE(TEXT(K47,("m/dd/yy")), "-", TEXT(L47,("m/dd/yy"))) -> 1/00/00- | Z47: CO Cortez Montezuma | AA47: 64
A48: =A41 -> #N/A | B48: =B$41 -> 0 | C48: =C$41 -> 0 | D48: =D$41 -> 0 | E48: =B$4 -> 0 | F48: =O48 -> PERSONAL- | I48: =I8 -> 0 | L48: =I$2 | M48: PERSONAL | O48: =CONCATENATE(M48,"-",TEXT(L48,("m/dd/yy"))) -> PERSONAL- | Z48: CO Crested Butte / Gunnison Gunnison | AA48: 74
A49: OTHER PAID BY TRAVELER | B49: =B$41 -> 0 | C49: =C$41 -> 0 | D49: =D$41 -> 0 | E49: =B$4 -> 0 | H49: =SUMIF($C$34:$H$34,"<>ENTER DATE",$C$33:$H$33) -> 0 | J49: populate fields for "Other" | Z49: CO Denver / Aurora Denver / Adams / Arapahoe / Jefferson | AA49: 79
G50: TOTAL | H50: =SUM(H41:H49) -> 0 | I50: =SUM(I41:I49) -> 0 | K50: =H50-I50 -> 0 | L50: =SUM(H42:H49) -> 0 | M50: =SUM(I42:I49) -> 0 | O50: =K36-L50+M50 -> 0 | Z50: CO Douglas Douglas | AA50: 69
A51: TRAVELER'S SIGNATURE | F51: Date | G51: NET TOTAL | H51: =IF(K50>0,K50,0) -> 0 | I51: =-IF(K50<0,K50,0) -> 0 | K51: =K36-K50 -> 0 | Z51: CO Durango La Plata | AA51: 74
A52: I declare that the expenses listed above are true and accurate to the best of my knowledge and belief. Reimbursements not adhering to IRS regulations are taxable income and reported to the IRS. Expenses not accounted for within 60 calendar days from the date the expense was incurred are considered taxable income. | H52: DUE TRAVELER | I52: DUE NEA | Z52: CO Fort Collins / Loveland Larimer | AA52: 69
A53: NEA AUTHORIZING SIGNATURE | Z53: CO Grand Lake Grand | AA53: 79
A54: PRINT NAME | F54: Date | Z54: CO Montrose Montrose | AA54: 69
A55: I declare that the expenses listed above are true and accurate to the best of my knowledge and belief. | Z55: CO Silverthorne / Breckenridge Summit | AA55: 79
Z56: CO Steamboat Springs Routt | AA56: 79
A57: Breakfast 100% | B57: 1 | C57: =IF(C$20=$U$2,$V$2,IF(C$20=$U$3,$V$3,IF(C$20=$U$4,$V$4,IF(C$20=$U$5,$V$5,IF(C$20=$U$6,$V$6,IF(C$20=$U$7,$V$7,IF(C$20=$U$8,$V$8))))))) -> 0 | D57: =IF(D$20=$U$2,$V$2,IF(D$20=$U$3,$V$3,IF(D$20=$U$4,$V$4,IF(D$20=$U$5,$V$5,IF(D$20=$U$6,$V$6,IF(D$20=$U$7,$V$7,IF(D$20=$U$8,$V$8))))))) -> 0 | E57: =IF(E$20=$U$2,$V$2,IF(E$20=$U$3,$V$3,IF(E$20=$U$4,$V$4,IF(E$20=$U$5,$V$5,IF(E$20=$U$6,$V$6,IF(E$20=$U$7,$V$7,IF(E$20=$U$8,$V$8))))))) -> 0 | F57: =IF(F$20=$U$2,$V$2,IF(F$20=$U$3,$V$3,IF(F$20=$U$4,$V$4,IF(F$20=$U$5,$V$5,IF(F$20=$U$6,$V$6,IF(F$20=$U$7,$V$7,IF(F$20=$U$8,$V$8))))))) -> 0 | G57: =IF(G$20=$U$2,$V$2,IF(G$20=$U$3,$V$3,IF(G$20=$U$4,$V$4,IF(G$20=$U$5,$V$5,IF(G$20=$U$6,$V$6,IF(G$20=$U$7,$V$7,IF(G$20=$U$8,$V$8))))))) -> 0 | H57: =IF(H$20=$U$2,$V$2,IF(H$20=$U$3,$V$3,IF(H$20=$U$4,$V$4,IF(H$20=$U$5,$V$5,IF(H$20=$U$6,$V$6,IF(H$20=$U$7,$V$7,IF(H$20=$U$8,$V$8))))))) -> 0 | Z57: CO Telluride San Miguel | AA57: 79
A58: Breakfast 75% | B58: 1 | C58: =$B58*C57 -> 0 | D58: =$B58*D57 -> 0 | E58: =$B58*E57 -> 0 | F58: =$B58*F57 -> 0 | G58: =$B58*G57 -> 0 | H58: =$B58*H57 -> 0 | Z58: CO Vail Eagle | AA58: 79
A59: Lunch 100% | B59: 1 | C59: =IF(C$20=$U$2,$W$2,IF(C$20=$U$3,$W$3,IF(C$20=$U$4,$W$4,IF(C$20=$U$5,$W$5,IF(C$20=$U$6,$W$6,IF(C$20=$U$7,$W$7,IF(C$20=$U$8,$W$8))))))) -> 0 | D59: =IF(D$20=$U$2,$W$2,IF(D$20=$U$3,$W$3,IF(D$20=$U$4,$W$4,IF(D$20=$U$5,$W$5,IF(D$20=$U$6,$W$6,IF(D$20=$U$7,$W$7,IF(D$20=$U$8,$W$8))))))) -> 0 | E59: =IF(E$20=$U$2,$W$2,IF(E$20=$U$3,$W$3,IF(E$20=$U$4,$W$4,IF(E$20=$U$5,$W$5,IF(E$20=$U$6,$W$6,IF(E$20=$U$7,$W$7,IF(E$20=$U$8,$W$8))))))) -> 0 | F59: =IF(F$20=$U$2,$W$2,IF(F$20=$U$3,$W$3,IF(F$20=$U$4,$W$4,IF(F$20=$U$5,$W$5,IF(F$20=$U$6,$W$6,IF(F$20=$U$7,$W$7,IF(F$20=$U$8,$W$8))))))) -> 0 | G59: =IF(G$20=$U$2,$W$2,IF(G$20=$U$3,$W$3,IF(G$20=$U$4,$W$4,IF(G$20=$U$5,$W$5,IF(G$20=$U$6,$W$6,IF(G$20=$U$7,$W$7,IF(G$20=$U$8,$W$8))))))) -> 0 | H59: =IF(H$20=$U$2,$W$2,IF(H$20=$U$3,$W$3,IF(H$20=$U$4,$W$4,IF(H$20=$U$5,$W$5,IF(H$20=$U$6,$W$6,IF(H$20=$U$7,$W$7,IF(H$20=$U$8,$W$8))))))) -> 0 | Z59: CT Bridgeport / Danbury Fairfield | AA59: 69
A60: Lunch 75% | B60: 1 | C60: =$B60*C59 -> 0 | D60: =$B60*D59 -> 0 | E60: =$B60*E59 -> 0 | F60: =$B60*F59 -> 0 | G60: =$B60*G59 -> 0 | H60: =$B60*H59 -> 0 | Z60: CT Cromwell / Old Saybrook Middlesex | AA60: 64
A61: Dinner 100% | B61: 1 | C61: =IF(C$20=$U$2,$X$2,IF(C$20=$U$3,$X$3,IF(C$20=$U$4,$X$4,IF(C$20=$U$5,$X$5,IF(C$20=$U$6,$X$6,IF(C$20=$U$7,$X$7,IF(C$20=$U$8,$X$8))))))) -> 0 | D61: =IF(D$20=$U$2,$X$2,IF(D$20=$U$3,$X$3,IF(D$20=$U$4,$X$4,IF(D$20=$U$5,$X$5,IF(D$20=$U$6,$X$6,IF(D$20=$U$7,$X$7,IF(D$20=$U$8,$X$8))))))) -> 0 | E61: =IF(E$20=$U$2,$X$2,IF(E$20=$U$3,$X$3,IF(E$20=$U$4,$X$4,IF(E$20=$U$5,$X$5,IF(E$20=$U$6,$X$6,IF(E$20=$U$7,$X$7,IF(E$20=$U$8,$X$8))))))) -> 0 | F61: =IF(F$20=$U$2,$X$2,IF(F$20=$U$3,$X$3,IF(F$20=$U$4,$X$4,IF(F$20=$U$5,$X$5,IF(F$20=$U$6,$X$6,IF(F$20=$U$7,$X$7,IF(F$20=$U$8,$X$8))))))) -> 0 | G61: =IF(G$20=$U$2,$X$2,IF(G$20=$U$3,$X$3,IF(G$20=$U$4,$X$4,IF(G$20=$U$5,$X$5,IF(G$20=$U$6,$X$6,IF(G$20=$U$7,$X$7,IF(G$20=$U$8,$X$8))))))) -> 0 | H61: =IF(H$20=$U$2,$X$2,IF(H$20=$U$3,$X$3,IF(H$20=$U$4,$X$4,IF(H$20=$U$5,$X$5,IF(H$20=$U$6,$X$6,IF(H$20=$U$7,$X$7,IF(H$20=$U$8,$X$8))))))) -> 0 | Z61: CT Hartford Hartford | AA61: 69
A62: Dinner 75% | B62: 1 | C62: =$B62*C61 -> 0 | D62: =$B62*D61 -> 0 | E62: =$B62*E61 -> 0 | F62: =$B62*F61 -> 0 | G62: =$B62*G61 -> 0 | H62: =$B62*H61 -> 0 | Z62: CT New Haven New Haven | AA62: 69
Z63: CT New London / Groton New London | AA63: 69
A64: Provided-Breakfast | C64: =IF(C$21=100%,C57,C58) -> 0 | D64: =IF(D$21=100%,D57,D58) -> 0 | E64: =IF(E$21=100%,E57,E58) -> 0 | F64: =IF(F$21=100%,F57,F58) -> 0 | G64: =IF(G$21=100%,G57,G58) -> 0 | H64: =IF(H$21=100%,H57,H58) -> 0 | Z64: DC District of Columbia Washington DC (also the cities of Alexandria, Falls Church and Fairfax, and the counties of Arlington and Fairfax, in Virginia; and the counties of Montgomery and Prince George's in Maryland) | AA64: 79
A65: Provided-Lunch | C65: =IF(C$21=100%,C59,C60) -> 0 | D65: =IF(D$21=100%,D59,D60) -> 0 | E65: =IF(E$21=100%,E59,E60) -> 0 | F65: =IF(F$21=100%,F59,F60) -> 0 | G65: =IF(G$21=100%,G59,G60) -> 0 | H65: =IF(H$21=100%,H59,H60) -> 0 | Z65: DE Lewes Sussex | AA65: 64
A66: Provided-Dinner | C66: =IF(C$21=100%,C61,C62) -> 0 | D66: =IF(D$21=100%,D61,D62) -> 0 | E66: =IF(E$21=100%,E61,E62) -> 0 | F66: =IF(F$21=100%,F61,F62) -> 0 | G66: =IF(G$21=100%,G61,G62) -> 0 | H66: =IF(H$21=100%,H61,H62) -> 0 | Z66: DE Wilmington New Castle | AA66: 64
Z67: FL Boca Raton / Delray Beach / Jupiter Palm Beach / Hendry | AA67: 69
A68: PER DIEM RATE | C68: =C20 | D68: =D20 | E68: =E20 | F68: =F20 | G68: =G20 | H68: =H20 | Z68: FL Bradenton Manatee | AA68: 64
A69: PER DIEM RATE BLANK TEST | C69: =IF(C68="",0,C68) -> 0 | D69: =IF(D68="",0,D68) -> 0 | E69: =IF(E68="",0,E68) -> 0 | F69: =IF(F68="",0,F68) -> 0 | G69: =IF(G68="",0,G68) -> 0 | H69: =IF(H68="",0,H68) -> 0 | Z69: FL Cocoa Beach Brevard | AA69: 74
A70: PERCENT | C70: =C$21 -> 0 | D70: =D$21 -> 0 | E70: =E$21 -> 0 | F70: =F$21 -> 0 | G70: =G$21 -> 0 | H70: =H$21 -> 0 | Z70: FL Daytona Beach Volusia | AA70: 69
A71: TOTAL M&IE PER DIEM @ PERCENT | C71: =C69*C70 -> 0 | D71: =D69*D70 -> 0 | E71: =E69*E70 -> 0 | F71: =F69*F70 -> 0 | G71: =G69*G70 -> 0 | H71: =H69*H70 -> 0 | Z71: FL Fort Lauderdale Broward | AA71: 69
A72: INCIDENTAL PER DIEM-requires link | C72: =$Y2 -> 5 | D72: =$Y2 -> 5 | E72: =$Y2 -> 5 | F72: =$Y2 -> 5 | G72: =$Y2 -> 5 | H72: =$Y2 -> 5 | Z72: FL Fort Myers Lee | AA72: 64
A73: MEAL PER DIEM | C73: =C68-C72 -> #VALUE! | D73: =D68-D72 -> #VALUE! | E73: =E68-E72 -> #VALUE! | F73: =F68-F72 -> #VALUE! | G73: =G68-G72 -> #VALUE! | H73: =H68-H72 -> #VALUE! | Z73: FL Fort Walton Beach / De Funiak Springs Okaloosa / Walton | AA73: 69
A74: TOTAL MEALS PROVIDED | C74: =SUM(C$23:C$25) -> 0 | D74: =SUM(D$23:D$25) -> 0 | E74: =SUM(E$23:E$25) -> 0 | F74: =SUM(F$23:F$25) -> 0 | G74: =SUM(G$23:G$25) -> 0 | H74: =SUM(H$23:H$25) -> 0 | Z74: FL Gulf Breeze Santa Rosa | AA74: 59
A75: MEAL PROVIDED TEST | C75: =IF(C74>0,"YES MEAL","NO") -> NO | D75: =IF(D74>0,"YES MEAL","NO") -> NO | E75: =IF(E74>0,"YES MEAL","NO") -> NO | F75: =IF(F74>0,"YES MEAL","NO") -> NO | G75: =IF(G74>0,"YES MEAL","NO") -> NO | H75: =IF(H74>0,"YES MEAL","NO") -> NO | Z75: FL Key West Monroe | AA75: 69
A76: INCIDENTAL DUE TRAVELER | C76: =IF(C75="YES MEAL",C72,C72*C70) -> 0 | D76: =IF(D75="YES MEAL",D72,D72*D70) -> 0 | E76: =IF(E75="YES MEAL",E72,E72*E70) -> 0 | F76: =IF(F75="YES MEAL",F72,F72*F70) -> 0 | G76: =IF(G75="YES MEAL",G72,G72*G70) -> 0 | H76: =IF(H75="YES MEAL",H72,H72*H70) -> 0 | Z76: FL Miami Miami-Dade | AA76: 69
A77: TOTAL MEALS PROVIDED + INCIDENTAL | C77: =C74+C76 -> 0 | D77: =D74+D76 -> 0 | E77: =E74+E76 -> 0 | F77: =F74+F76 -> 0 | G77: =G74+G76 -> 0 | H77: =H74+H76 -> 0 | Z77: FL Naples Collier | AA77: 69
A78: MEAL PER DIEM BALANCE | C78: =C71-C77 -> 0 | D78: =D71-D77 -> 0 | E78: =E71-E77 -> 0 | F78: =F71-F77 -> 0 | G78: =G71-G77 -> 0 | H78: =H71-H77 -> 0 | Z78: FL Orlando Orange | AA78: 69
A79: MEAL DUE TRAVELER | C79: =IF(C78<0,0,C78) -> 0 | D79: =IF(D78<0,0,D78) -> 0 | E79: =IF(E78<0,0,E78) -> 0 | F79: =IF(F78<0,0,F78) -> 0 | G79: =IF(G78<0,0,G78) -> 0 | H79: =IF(H78<0,0,H78) -> 0 | Z79: FL Panama City Bay | AA79: 64
A80: TOTAL M&IE | C80: =C76+C79 -> 0 | D80: =D76+D79 -> 0 | E80: =E76+E79 -> 0 | F80: =F76+F79 -> 0 | G80: =G76+G79 -> 0 | H80: =H76+H79 -> 0 | Z80: FL Pensacola Escambia | AA80: 64
A81: DESTINATION BLANK TEST | C81: =IF(C$19="",1,0) -> 1 | D81: =IF(D$19="",1,0) -> 1 | E81: =IF(E$19="",1,0) -> 1 | F81: =IF(F$19="",1,0) -> 1 | G81: =IF(G$19="",1,0) -> 1 | H81: =IF(H$19="",1,0) -> 1 | Z81: FL Punta Gorda Charlotte | AA81: 64
A82: PERCENT BLANK TEST | C82: =IF(C$21="","1.00",0) -> 1.00 | D82: =IF(D$21="","1.00",0) -> 1.00 | E82: =IF(E$21="","1.00",0) -> 1.00 | F82: =IF(F$21="","1.00",0) -> 1.00 | G82: =IF(G$21="","1.00",0) -> 1.00 | H82: =IF(H$21="","1.00",0) -> 1.00 | Z82: FL Sarasota Sarasota | AA82: 69
A83: TOTAL BLANK TEST | C83: =C81+C82 -> 2 | D83: =D81+D82 -> 2 | E83: =E81+E82 -> 2 | F83: =F81+F82 -> 2 | G83: =G81+G82 -> 2 | H83: =H81+H82 -> 2 | Z83: FL Sebring Highlands | AA83: 64
A84: TOTAL M&IE DUE TRAVELER | C84: =IF(C83=0,C80,0) -> 0 | D84: =IF(D83=0,D80,0) -> 0 | E84: =IF(E83=0,E80,0) -> 0 | F84: =IF(F83=0,F80,0) -> 0 | G84: =IF(G83=0,G80,0) -> 0 | H84: =IF(H83=0,H80,0) -> 0 | Z84: FL St. Augustine St. Johns | AA84: 69
Z85: FL Stuart Martin | AA85: 69
A86: TOTAL TRANSPORTATION | C86: =SUM(C30:C32) -> 0 | D86: =SUM(D30:D32) -> 0 | E86: =SUM(E30:E32) -> 0 | F86: =SUM(F30:F32) -> 0 | G86: =SUM(G30:G32) -> 0 | H86: =SUM(H30:H32) -> 0 | Z86: FL Tallahassee Leon | AA86: 64
Z87: FL Tampa / St. Petersburg Pinellas / Hillsborough | AA87: 69
Z88: FL Vero Beach Indian River | AA88: 69
A89: Travel Group Code | B89: =VLOOKUP(B1,P2:Q27,2,FALSE) -> #N/A | Z89: GA Athens Clarke | AA89: 59
Z90: GA Atlanta Fulton / Dekalb | AA90: 74
A91: DATE BLANK TEST | C91: =IF(C$12="",1,0) -> 1 | D91: =IF(D$12="",1,0) -> 1 | E91: =IF(E$12="",1,0) -> 1 | F91: =IF(F$12="",1,0) -> 1 | G91: =IF(G$12="",1,0) -> 1 | H91: =IF(H$12="",1,0) -> 1 | Z91: GA Augusta Richmond | AA91: 59
A92: MILEAGE RATE | C92: =IF(C$12>=$L$2,$M$2,$M$3) -> 0.585 | D92: =IF(D$12>=$L$2,$M$2,$M$3) -> 0.585 | E92: =IF(E$12>=$L$2,$M$2,$M$3) -> 0.585 | F92: =IF(F$12>=$L$2,$M$2,$M$3) -> 0.585 | G92: =IF(G$12>=$L$2,$M$2,$M$3) -> 0.585 | H92: =IF(H$12>=$L$2,$M$2,$M$3) -> 0.585 | Z92: GA Jekyll Island / Brunswick Glynn | AA92: 79
A93: MILEAGE | C93: =C$29 -> 0 | D93: =D$29 -> 0 | E93: =E$29 -> 0 | F93: =F$29 -> 0 | G93: =G$29 -> 0 | H93: =H$29 -> 0 | Z93: GA Marietta Cobb | AA93: 64
A94: MILEAGE AMOUNT | C94: =IF(C91=0,ROUND(C92*C93,2),0) -> 0 | D94: =IF(D91=0,ROUND(D92*D93,2),0) -> 0 | E94: =IF(E91=0,ROUND(E92*E93,2),0) -> 0 | F94: =IF(F91=0,ROUND(F92*F93,2),0) -> 0 | G94: =IF(G91=0,ROUND(G92*G93,2),0) -> 0 | H94: =IF(H91=0,ROUND(H92*H93,2),0) -> 0 | Z94: GA Savannah Chatham | AA94: 69
Z95: IA Dallas Dallas | AA95: 69
A96: DATE BLANK TEST | C96: =IF(C$12="",1,0) -> 1 | D96: =IF(D$12="",1,0) -> 1 | E96: =IF(E$12="",1,0) -> 1 | F96: =IF(F$12="",1,0) -> 1 | G96: =IF(G$12="",1,0) -> 1 | H96: =IF(H$12="",1,0) -> 1 | Z96: IA Des Moines Polk | AA96: 64 | AB96: MA Boston / Cambridge Suffolk, city of Cambridge | AC96: 79
A97: TOTAL EXPENSES | C97: =C$18+SUM(C$26:C$28)+SUM(C$30:C$33) -> 0 | D97: =D$18+SUM(D$26:D$28)+SUM(D$30:D$33) -> 0 | E97: =E$18+SUM(E$26:E$28)+SUM(E$30:E$33) -> 0 | F97: =F$18+SUM(F$26:F$28)+SUM(F$30:F$33) -> 0 | G97: =G$18+SUM(G$26:G$28)+SUM(G$30:G$33) -> 0 | H97: =H$18+SUM(H$26:H$28)+SUM(H$30:H$33) -> 0 | I97: =SUM(C97:H97) -> 0 | Z97: ID Boise Ada | AA97: 74 | AB97: MA Burlington / Woburn Middlesex less the city of Cambridge | AC97: 69
A98: EXPENSE DATE TEST | C98: =IF(C$96=0,C$97,0) -> 0 | D98: =IF(D$96=0,D$97,0) -> 0 | E98: =IF(E$96=0,E$97,0) -> 0 | F98: =IF(F$96=0,F$97,0) -> 0 | G98: =IF(G$96=0,G$97,0) -> 0 | H98: =IF(H$96=0,H$97,0) -> 0 | I98: =SUM(C98:H98) -> 0 | Z98: ID Coeur d'Alene Kootenai | AA98: 64 | AB98: MA Falmouth City limits of Falmouth | AC98: 69
A99: TOTAL REIMBURSED | C99: =IF(C98>0,C98,"ENTER DATE") -> ENTER DATE | D99: =IF(D98>0,D98,"ENTER DATE") -> ENTER DATE | E99: =IF(E98>0,E98,"ENTER DATE") -> ENTER DATE | F99: =IF(F98>0,F98,"ENTER DATE") -> ENTER DATE | G99: =IF(G98>0,G98,"ENTER DATE") -> ENTER DATE | H99: =IF(H98>0,H98,"ENTER DATE") -> ENTER DATE | I99: =SUM(C99:H99) -> 0 | Z99: ID Sun Valley / Ketchum Blaine / Elmore | AA99: 74 | AB99: MA Hyannis Barnstable less the city of Falmouth | AC99: 69
Z100: IL Bolingbrook / Romeoville / Lemont Will | AA100: 64 | AB100: MA Martha's Vineyard Dukes | AC100: 79
...

Sheet OCONUS
A1: Travel Group | C1: Move cursor over red triangle to view instructions | H1: Invoice # | I1: =IF(C$12=0," ",MAX(C12:H12)) | J1: PeopleSoft AP User: enter in PeopleSoft | K1: ='CONUS PAGE 1'!K1 -> Trip DOL | L1: ='CONUS PAGE 1'!L1 -> Mileage Date | M1: ='CONUS PAGE 1'!M1 -> IRS Mileage Rate | N1: ='CONUS PAGE 1'!N1 -> Ticket Type | O1: ='CONUS PAGE 1'!O1 -> Per Diem Percent | P1: Travel Group | Q1: Group Code | R1: Expense Acct | S1: Transportation Acct | T1: DB Airfare Acct | U1: TEST
A2: Calendar Year of Travel | B2: 2022 | C2: ='CONUS PAGE 1'!C2 -> EFFECTIVE: 07/01/2022 | H2: Invoice Date | I2: =IF(C$12=0," ",MAX(C12:H12)) | J2: PeopleSoft AP User: enter in PeopleSoft | K2: ='CONUS PAGE 1'!K2 -> H4999 | L2: ='CONUS PAGE 1'!L2 -> 44743 | M2: ='CONUS PAGE 1'!M2 -> 0.625 | N2: ='CONUS PAGE 1'!N2 -> Original Ticket | O2: ='CONUS PAGE 1'!O2 -> 1 | P2: ='CONUS PAGE 1'!P2 -> NON-STAFF | Q2: ='CONUS PAGE 1'!Q2 -> 1 | R2: ='CONUS PAGE 1'!R2 -> 5651-NON STAFF TRVL | ... T2: ='CONUS PAGE 1'!T2 -> 2122-NON STAFF DB AIRFARE | U2: YES
A3: PeopleSoft Supplier ID | C3: ='CONUS PAGE 1'!C3 -> NON STAFF TRAVEL AND EXPENSE FORM | H3: Voucher # | J3: PeopleSoft AP User: write Voucher # | K3: ='CONUS PAGE 1'!K3 -> P4999 | L3: ='CONUS PAGE 1'!L3 -> 44562 | M3: ='CONUS PAGE 1'!M3 -> 0.585 | N3: ='CONUS PAGE 1'!N3 -> Exchanged Ticket | O3: ='CONUS PAGE 1'!O3 -> 0.75 | P3: ='CONUS PAGE 1'!P3 -> GOV COMM | Q3: ='CONUS PAGE 1'!Q3 -> 2 | R3: ='CONUS PAGE 1'!R3 -> 5651-NON STAFF TRVL | ... T3: ='CONUS PAGE 1'!T3 -> 2124-BOD DB AIRFARE | U3: NO
A4: Trip DOL | C4: OUTSIDE CONUS AND FOREIGN | K4: ='CONUS PAGE 1'!K4 -> R4999 | L4: ='CONUS PAGE 1'!L4 -> 44926 | M4: ='CONUS PAGE 1'!M4 -> 0 | P4: ='CONUS PAGE 1'!P4 -> VENDOR | Q4: ='CONUS PAGE 1'!Q4 -> 3 | R4: ='CONUS PAGE 1'!R4 -> 5650-VENDOR TRVL | S4: ='CONUS PAGE 1'!S4 -> 5651-TRANSPORT | T4: ='CONUS PAGE 1'!T4 -> 2122-NON STAFF DB AIRFARE
A5: Page | B5: 1 | K5: ='CONUS PAGE 1'!K5 -> U4999 | P5: ='CONUS PAGE 1'!P5 -> NCSEA | Q5: ='CONUS PAGE 1'!Q5 -> 4 | R5: ='CONUS PAGE 1'!R5 -> 8XXX-TRVL | S5: ='CONUS PAGE 1'!S5 -> 8XXX-TRANSPORT | T5: ='CONUS PAGE 1'!T5 -> 2122-NON STAFF DB AIRFARE
P6: ='CONUS PAGE 1'!P6 -> NCESP | Q6: ='CONUS PAGE 1'!Q6 -> 5 | R6: ='CONUS PAGE 1'!R6 -> 8XXX-TRVL | S6: ='CONUS PAGE 1'!S6 -> 8XXX-TRANSPORT | T6: ='CONUS PAGE 1'!T6 -> 2122-NON STAFF DB AIRFARE
P7: ='CONUS PAGE 1'!P7 -> NCHE | Q7: ='CONUS PAGE 1'!Q7 -> 6 | R7: ='CONUS PAGE 1'!R7 -> 8XXX-TRVL | S7: ='CONUS PAGE 1'!S7 -> 8XXX-TRANSPORT | T7: ='CONUS PAGE 1'!T7 -> 2122-NON STAFF DB AIRFARE
A8: Name | H8: Personal Charges Deducted | J8: enter positive amount | P8: ='CONUS PAGE 1'!P8 -> 0 | Q8: ='CONUS PAGE 1'!Q8 -> 7 | R8: ='CONUS PAGE 1'!R8 -> 8XXX-TRVL | S8: ='CONUS PAGE 1'!S8 -> 8XXX-TRANSPORT | T8: ='CONUS PAGE 1'!T8 -> 2122-NON STAFF DB AIRFARE
A9: Address | H9: Travel Advance | J9: enter positive amount
A10: Address
A11: Purpose of Trip | H11: Direct-Billed Lodging | I11: NO
A12: Date (mm/dd/yy) | J12: format mm/dd/yy
A13: Direct-Billed (DB) Airfare/Train: Select Drop-Down | B13: Ticket # | C13: Ticket Amount | I13: Total
D14: =IF(C14<0,"ERROR NEGATIVE AMT"," ") | I14: =SUM(C14:H14) -> 0 | J14: attach supporting documentation | M14: =B14 -> 0
D15: =IF(C15<0,"ERROR NEGATIVE AMT"," ") | I15: =SUM(C15:H15) -> 0 | J15: attach supporting documentation | M15: =B15 -> 0
D16: =IF(C16<0,"ERROR NEGATIVE AMT"," ") | I16: =SUM(C16:H16) -> 0 | J16: attach supporting documentation | M16: =B16 -> 0
D17: =IF(C17<0,"ERROR NEGATIVE AMT"," ") | I17: =SUM(C17:H17) -> 0 | J17: attach supporting documentation | M17: =B17 -> 0
A18: Total DB Ticket Amount | C18: =SUM(C14:C17) -> 0 | I18: =SUM(C18:H18) -> 0
A19: Destination-enter each day of travel | J19: enter destination
A20: Total Per Diem Destination-each day of travel | J20: move cursor over red triangle for instructions
A21: Per Diem 75% or 100%-select each day of travel | J21: select drop down box: either 100% or 75%
A22: Meals & Incidental Exp Per Diem | C22: =C60 -> 0 | D22: =D60 -> 0 | E22: =E60 -> 0 | F22: =F60 -> 0 | G22: =G60 -> 0 | H22: =H60 -> 0 | J22: automatic calculation
A23: Incidental Per Diem | J23: move cursor over red triangle for instructions
A24: Provided-Breakfast | J24: move cursor over red triangle for instructions
A25: Provided-Lunch | J25: move cursor over red triangle for instructions
A26: Provided-Dinner | J26: move cursor over red triangle for instructions
A27: TOTAL M&IE | C27: =C73 -> 0 | D27: =D73 -> 0 | E27: =E73 -> 0 | F27: =F73 -> 0 | G27: =G73 -> 0 | H27: =H73 -> 0 | I27: =SUM(C27:H27) -> 0 | J27: automatic calculation
A28: Lodging/Overnight | I28: =SUM(C28:H28) -> 0 | J28: attach supporting documentation
A29: Baggage Fees | I29: =SUM(C29:H29) -> 0 | J29: attach supporting documentation
A30: MILEAGE: PERSONAL VEHICLE | J30: enter miles driven in personal vehicle
A31: Mileage Amount | C31: =IF(C$12="",C$80,IF(OR(C$12<$L$3,C$12>$L$4),"CHECK DATE",IF(C$12="",C$80,C$80))) -> 0 | D31: =IF(D$12="",D$80,IF(OR(D$12<$L$3,D$12>$L$4),"CHECK DATE",IF(D$12="",D$80,D$80))) -> 0 | E31: =IF(E$12="",E$80,IF(OR(E$12<$L$3,E$12>$L$4),"CHECK DATE",IF(E$12="",E$80,E$80))) -> 0 | F31: =IF(F$12="",F$80,IF(OR(F$12<$L$3,F$12>$L$4),"CHECK DATE",IF(F$12="",F$80,F$80))) -> 0 | G31: =IF(G$12="",G$80,IF(OR(G$12<$L$3,G$12>$L$4),"CHECK DATE",IF(G$12="",G$80,G$80))) -> 0 | H31: =IF(H$12="",H$80,IF(OR(H$12<$L$3,H$12>$L$4),"CHECK DATE",IF(H$12="",H$80,H$80))) -> 0 | I31: =SUM(C31:H31) -> 0 | J31: attach supporting documentation (MapQuest)
A32: Parking & Tolls | I32: =SUM(C32:H32) -> 0 | J32: attach supporting documentation
A33: Taxi, Rideshare, Shuttle | I33: =SUM(C33:H33) -> 0 | J33: attach supporting documentation
A34: Other | I34: =SUM(C34:H34) -> 0 | J34: move cursor over red triangle for instructions
A35: TOTAL | C35: =C$85 -> ENTER DATE | D35: =D$85 -> ENTER DATE | E35: =E$85 -> ENTER DATE | F35: =F$85 -> ENTER DATE | G35: =G$85 -> ENTER DATE | H35: =H$85 -> ENTER DATE | I35: =I$85 -> 0
A36: EXPLANATIONS BY LINE NUMBER. Original itemized receipts required per policy. | G36: TOTAL DEDUCTIONS | I36: =-I95 -> 0
G37: =IF(I37>=0,"DUE TRAVELER","TRAVELER OWES NEA") -> DUE TRAVELER | I37: =SUM(I35:I36) -> 0 | K37: =I37 -> 0
A41: Account | B41: Cost Center | C41: Project | D41: SID | E41: DOL | F41: Voucher Line Description | G41: Jrnl Line Ref | H41: DEBIT (+) | I41: CREDIT (-)
A42: =IF($B$75=1,R$2,IF($B$75=2,R$3,IF($B$75=3,R$4,IF($B$75=4,R$5,IF($B$75=5,R$6,IF($B$75=6,R$7,IF($B$75=7,R$8,IF($B$75=8,R$9,IF($B$75=9,R$10,IF($B$75=10,R$11,IF($B$75=11,R$12,IF($B$75=12,R$13)))))))))))) -> 8XXX-TRVL | E42: =B$4 -> 0 | F42: =O42 -> 1/00/00- 0 | H42: =O51 -> 0 | K42: =C$12 -> 0 | L42: =I$1 | M42: =C$11 -> 0 | O42: =CONCATENATE(TEXT(K42,("m/dd/yy")), "-", TEXT(L42,("m/dd/yy")), " ", M42) -> 1/00/00- 0
A43: =IF($B$75=1,S$2,IF($B$75=2,S$3,IF($B$75=3,S$4,IF($B$75=4,S$5,IF($B$75=5,S$6,IF($B$75=6,S$7,IF($B$75=7,S$8,IF($B$75=8,S$9,IF($B$75=9,S$10,IF($B$75=10,S$11,IF($B$75=11,S$12,IF($B$75=12,S$13)))))))))))) -> 8XXX-TRANSPORT | B43: =B$42 -> 0 | C43: =C$42 -> 0 | D43: =D$42 -> 0 | E43: =B$4 -> 0 | F43: =O43 -> 1/00/00- 0 | H43: =SUMIF($C$35:$H$35,"<>ENTER DATE",$C97:$H97) -> 0 | K43: =C$12 -> 0 | L43: =I$1 | M43: =C$11 -> 0 | O43: =CONCATENATE(TEXT(K43,("m/dd/yy")), "-", TEXT(L43,("m/dd/yy")), " ", M43) -> 1/00/00- 0
A44: 1700-TRAVEL ADVANCE | B44: NEA | E44: =B$4 -> 0 | F44: =O44 -> 1/00/00- | I44: =I9 -> 0 | K44: =C$12 -> 0 | L44: =I$1 | O44: =CONCATENATE(TEXT(K44,("m/dd/yy")), "-", TEXT(L44,("m/dd/yy"))) -> 1/00/00-
A45: =IF($B$75=1,T$2,IF($B$75=2,T$3,IF($B$75=3,T$4,IF($B$75=4,T$5,IF($B$75=5,T$6,IF($B$75=6,T$7,IF($B$75=7,T$8,IF($B$75=8,T$9,IF($B$75=9,T$10,IF($B$75=10,T$11,IF($B$75=11,T$12,IF($B$75=12,T$13)))))))))))) -> 2122-NON STAFF DB AIRFARE | B45: NEA | E45: =B$4 -> 0 | F45: =O45 -> 1/00/00- | G45: =IF(B$14=0,"enter airfare tix",B$14) -> enter airfare tix | H45: =IF(I$14>=0,0,-I$14) -> 0 | I45: =IF(I$14>0,I$14,0) -> 0 | K45: =C$12 -> 0 | L45: =I$1 | O45: =CONCATENATE(TEXT(K45,("m/dd/yy")), "-", TEXT(L45,("m/dd/yy"))) -> 1/00/00-
A46: =IF($B$75=1,T$2,IF($B$75=2,T$3,IF($B$75=3,T$4,IF($B$75=4,T$5,IF($B$75=5,T$6,IF($B$75=6,T$7,IF($B$75=7,T$8,IF($B$75=8,T$9,IF($B$75=9,T$10,IF($B$75=10,T$11,IF($B$75=11,T$12,IF($B$75=12,T$13)))))))))))) -> 2122-NON STAFF DB AIRFARE | B46: NEA | E46: =B$4 -> 0 | F46: =O46 -> 1/00/00- | G46: =IF(B$15=0,"enter airfare tix",B$15) -> enter airfare tix | H46: =IF(I$15>=0,0,-I$15) -> 0 | I46: =IF(I$15>0,I$15,0) -> 0 | K46: =C$12 -> 0 | L46: =I$1 | O46: =CONCATENATE(TEXT(K46,("m/dd/yy")), "-", TEXT(L46,("m/dd/yy"))) -> 1/00/00-
A47: =IF($B$75=1,T$2,IF($B$75=2,T$3,IF($B$75=3,T$4,IF($B$75=4,T$5,IF($B$75=5,T$6,IF($B$75=6,T$7,IF($B$75=7,T$8,IF($B$75=8,T$9,IF($B$75=9,T$10,IF($B$75=10,T$11,IF($B$75=11,T$12,IF($B$75=12,T$13)))))))))))) -> 2122-NON STAFF DB AIRFARE | B47: NEA | E47: =B$4 -> 0 | F47: =O47 -> 1/00/00- | G47: =IF(B$16=0,"enter airfare tix",B$16) -> enter airfare tix | H47: =IF(I$16>=0,0,-I$16) -> 0 | I47: =IF(I$16>0,I$16,0) -> 0 | K47: =C$12 -> 0 | L47: =I$1 | O47: =CONCATENATE(TEXT(K47,("m/dd/yy")), "-", TEXT(L47,("m/dd/yy"))) -> 1/00/00-
A48: =IF($B$75=1,T$2,IF($B$75=2,T$3,IF($B$75=3,T$4,IF($B$75=4,T$5,IF($B$75=5,T$6,IF($B$75=6,T$7,IF($B$75=7,T$8,IF($B$75=8,T$9,IF($B$75=9,T$10,IF($B$75=10,T$11,IF($B$75=11,T$12,IF($B$75=12,T$13)))))))))))) -> 2122-NON STAFF DB AIRFARE | B48: NEA | E48: =B$4 -> 0 | F48: =O48 -> 1/00/00- | G48: =IF(B$17=0,"enter airfare tix",B$17) -> enter airfare tix | H48: =IF(I$17>=0,0,-I$17) -> 0 | I48: =IF(I$17>0,I$17,0) -> 0 | K48: =C$12 -> 0 | L48: =I$1 | O48: =CONCATENATE(TEXT(K48,("m/dd/yy")), "-", TEXT(L48,("m/dd/yy"))) -> 1/00/00-
A49: =A42 -> 8XXX-TRVL | B49: =B$42 -> 0 | C49: =C$42 -> 0 | D49: =D$42 -> 0 | E49: =B$4 -> 0 | F49: =O49 -> PERSONAL- | I49: =I8 -> 0 | K49: =C$12 -> 0 | L49: =I$1 | M49: PERSONAL | O49: =CONCATENATE(M49,"-",TEXT(L49,("m/dd/yy"))) -> PERSONAL-
A50: OTHER PAID BY TRAVELER | B50: =B$42 -> 0 | C50: =C$42 -> 0 | D50: =D$42 -> 0 | E50: =B$4 -> 0 | H50: =SUMIF($C$35:$H$35,"<>ENTER DATE",$C$34:$H$34) -> 0 | J50: populate fields for "Other"
G51: TOTAL | H51: =SUM(H42:H50) -> 0 | I51: =SUM(I42:I50) -> 0 | K51: =H51-I51 -> 0 | L51: =SUM(H43:H50) -> 0 | M51: =SUM(I43:I50) -> 0 | O51: =K37-L51+M51 -> 0 | Z51: FL Bradenton Manatee | AA51: 64
A52: TRAVELER'S SIGNATURE | F52: Date | G52: NET TOTAL | H52: =IF(K51>0,K51,0) -> 0 | I52: =-IF(K51<0,K51,0) -> 0 | K52: =K37-K51 -> 0 | Z52: FL Cocoa Beach Brevard | AA52: 74
A53: I declare that the expenses listed above are true and accurate to the best of my knowledge and belief. Reimbursements not adhering to IRS regulations are taxable income and reported to the IRS. Expenses not accounted for within 60 calendar days from the date the expense was incurred are considered taxable income. | H53: DUE TRAVELER | I53: DUE NEA | Z53: FL Daytona Beach Volusia | AA53: 69
A54: NEA AUTHORIZING SIGNATURE | Z54: FL Fort Lauderdale Broward | AA54: 69
A55: PRINT NAME | F55: Date | Z55: FL Fort Myers Lee | AA55: 64
A56: I declare that the expenses listed above are true and accurate to the best of my knowledge and belief. | Z56: FL Fort Walton Beach / De Funiak Springs Okaloosa / Walton | AA56: 69
A58: PER DIEM RATE | C58: =C$20 -> 0 | D58: =D$20 -> 0 | E58: =E$20 -> 0 | F58: =F$20 -> 0 | G58: =G$20 -> 0 | H58: =H$20 -> 0
A59: PERCENT | C59: =C$21 -> 0 | D59: =D$21 -> 0 | E59: =E$21 -> 0 | F59: =F$21 -> 0 | G59: =G$21 -> 0 | H59: =H$21 -> 0
A60: TOTAL M&IE PER DIEM @ PERCENT | C60: =C58*C59 -> 0 | D60: =D58*D59 -> 0 | E60: =E58*E59 -> 0 | F60: =F58*F59 -> 0 | G60: =G58*G59 -> 0 | H60: =H58*H59 -> 0
A61: INCIDENTAL PER DIEM: different than conus | C61: =C$23 -> 0 | D61: =D$23 -> 0 | E61: =E$23 -> 0 | F61: =F$23 -> 0 | G61: =G$23 -> 0 | H61: =H$23 -> 0
A62: MEAL PER DIEM | C62: =C58-C61 -> 0 | D62: =D58-D61 -> 0 | E62: =E58-E61 -> 0 | F62: =F58-F61 -> 0 | G62: =G58-G61 -> 0 | H62: =H58-H61 -> 0
A63: TOTAL MEALS PROVIDED | C63: =SUM(C$24:C$26) -> 0 | D63: =SUM(D$24:D$26) -> 0 | E63: =SUM(E$24:E$26) -> 0 | F63: =SUM(F$24:F$26) -> 0 | G63: =SUM(G$24:G$26) -> 0 | H63: =SUM(H$24:H$26) -> 0
A64: MEAL PROVIDED TEST | C64: =IF(C63>0,"YES MEAL","NO") -> NO | D64: =IF(D63>0,"YES MEAL","NO") -> NO | E64: =IF(E63>0,"YES MEAL","NO") -> NO | F64: =IF(F63>0,"YES MEAL","NO") -> NO | G64: =IF(G63>0,"YES MEAL","NO") -> NO | H64: =IF(H63>0,"YES MEAL","NO") -> NO
A65: INCIDENTAL DUE TRAVELER | C65: =IF(C64="YES MEAL",C61,C61*C59) -> 0 | D65: =IF(D64="YES MEAL",D61,D61*D59) -> 0 | E65: =IF(E64="YES MEAL",E61,E61*E59) -> 0 | F65: =IF(F64="YES MEAL",F61,F61*F59) -> 0 | G65: =IF(G64="YES MEAL",G61,G61*G59) -> 0 | H65: =IF(H64="YES MEAL",H61,H61*H59) -> 0
A66: TOTAL MEALS PROVIDED + INCIDENTAL | C66: =C63+C65 -> 0 | D66: =D63+D65 -> 0 | E66: =E63+E65 -> 0 | F66: =F63+F65 -> 0 | G66: =G63+G65 -> 0 | H66: =H63+H65 -> 0
A67: MEAL PER DIEM BALANCE | C67: =C60-C66 -> 0 | D67: =D60-D66 -> 0 | E67: =E60-E66 -> 0 | F67: =F60-F66 -> 0 | G67: =G60-G66 -> 0 | H67: =H60-H66 -> 0
A68: MEAL DUE TRAVELER | C68: =IF(C67<0,0,C67) -> 0 | D68: =IF(D67<0,0,D67) -> 0 | E68: =IF(E67<0,0,E67) -> 0 | F68: =IF(F67<0,0,F67) -> 0 | G68: =IF(G67<0,0,G67) -> 0 | H68: =IF(H67<0,0,H67) -> 0
A69: TOTAL M&IE | C69: =C65+C68 -> 0 | D69: =D65+D68 -> 0 | E69: =E65+E68 -> 0 | F69: =F65+F68 -> 0 | G69: =G65+G68 -> 0 | H69: =H65+H68 -> 0
A70: DESTINATION BLANK TEST | C70: =IF(C$19="",1,0) -> 1 | D70: =IF(D$19="",1,0) -> 1 | E70: =IF(E$19="",1,0) -> 1 | F70: =IF(F$19="",1,0) -> 1 | G70: =IF(G$19="",1,0) -> 1 | H70: =IF(H$19="",1,0) -> 1
A71: PER RATE BLANK TEST | C71: =IF(C$20="","1.00",0) -> 1.00 | D71: =IF(D$20="","1.00",0) -> 1.00 | E71: =IF(E$20="","1.00",0) -> 1.00 | F71: =IF(F$20="","1.00",0) -> 1.00 | G71: =IF(G$20="","1.00",0) -> 1.00 | H71: =IF(H$20="","1.00",0) -> 1.00
A72: TOTAL BLANK TEST | C72: =C70+C71 -> 2 | D72: =D70+D71 -> 2 | E72: =E70+E71 -> 2 | F72: =F70+F71 -> 2 | G72: =G70+G71 -> 2 | H72: =H70+H71 -> 2
A73: TOTAL M&IE DUE TRAVELER | C73: =IF(C72=0,C69,0) -> 0 | D73: =IF(D72=0,D69,0) -> 0 | E73: =IF(E72=0,E69,0) -> 0 | F73: =IF(F72=0,F69,0) -> 0 | G73: =IF(G72=0,G69,0) -> 0 | H73: =IF(H72=0,H69,0) -> 0
A75: Travel Group Code | B75: =VLOOKUP(B1,P2:Q29,2,FALSE) -> 7 | Z75: IN Indianapolis / Carmel Marion / Hamilton | AA75: 69
A77: DATE BLANK TEST | C77: =IF(C$12="",1,0) -> 1 | D77: =IF(D$12="",1,0) -> 1 | E77: =IF(E$12="",1,0) -> 1 | F77: =IF(F$12="",1,0) -> 1 | G77: =IF(G$12="",1,0) -> 1 | H77: =IF(H$12="",1,0) -> 1
A78: MILEAGE RATE | C78: =IF(C$12>=$L$2,$M$2,$M$3) -> 0.585 | D78: =IF(D$12>=$L$2,$M$2,$M$3) -> 0.585 | E78: =IF(E$12>=$L$2,$M$2,$M$3) -> 0.585 | F78: =IF(F$12>=$L$2,$M$2,$M$3) -> 0.585 | G78: =IF(G$12>=$L$2,$M$2,$M$3) -> 0.585 | H78: =IF(H$12>=$L$2,$M$2,$M$3) -> 0.585
A79: MILEAGE | C79: =C$30 -> 0 | D79: =D$30 -> 0 | E79: =E$30 -> 0 | F79: =F$30 -> 0 | G79: =G$30 -> 0 | H79: =H$30 -> 0
A80: MILEAGE AMOUNT | C80: =IF(C77=0,ROUND(C78*C79,2),0) -> 0 | D80: =IF(D77=0,ROUND(D78*D79,2),0) -> 0 | E80: =IF(E77=0,ROUND(E78*E79,2),0) -> 0 | F80: =IF(F77=0,ROUND(F78*F79,2),0) -> 0 | G80: =IF(G77=0,ROUND(G78*G79,2),0) -> 0 | H80: =IF(H77=0,ROUND(H78*H79,2),0) -> 0
A82: DATE BLANK TEST | C82: =IF(C$12="",1,0) -> 1 | D82: =IF(D$12="",1,0) -> 1 | E82: =IF(E$12="",1,0) -> 1 | F82: =IF(F$12="",1,0) -> 1 | G82: =IF(G$12="",1,0) -> 1 | H82: =IF(H$12="",1,0) -> 1 | AB82: MA Boston / Cambridge Suffolk, city of Cambridge | AC82: 79
A83: TOTAL EXPENSES | C83: =C$18+SUM(C$27:C$29)+SUM(C$31:C$34) -> 0 | D83: =D$18+SUM(D$27:D$29)+SUM(D$31:D$34) -> 0 | E83: =E$18+SUM(E$27:E$29)+SUM(E$31:E$34) -> 0 | F83: =F$18+SUM(F$27:F$29)+SUM(F$31:F$34) -> 0 | G83: =G$18+SUM(G$27:G$29)+SUM(G$31:G$34) -> 0 | H83: =H$18+SUM(H$27:H$29)+SUM(H$31:H$34) -> 0 | I83: =SUM(C83:H83) -> 0 | AB83: MA Burlington / Woburn Middlesex less the city of Cambridge | AC83: 69
A84: EXPENSE DATE TEST | C84: =IF(C$82=0,C$83,0) -> 0 | D84: =IF(D$82=0,D$83,0) -> 0 | E84: =IF(E$82=0,E$83,0) -> 0 | F84: =IF(F$82=0,F$83,0) -> 0 | G84: =IF(G$82=0,G$83,0) -> 0 | H84: =IF(H$82=0,H$83,0) -> 0 | I84: =SUM(C84:H84) -> 0 | AB84: MA Falmouth City limits of Falmouth | AC84: 69
A85: TOTAL REIMBURSED | C85: =IF(C84>0,C84,"ENTER DATE") -> ENTER DATE | D85: =IF(D84>0,D84,"ENTER DATE") -> ENTER DATE | E85: =IF(E84>0,E84,"ENTER DATE") -> ENTER DATE | F85: =IF(F84>0,F84,"ENTER DATE") -> ENTER DATE | G85: =IF(G84>0,G84,"ENTER DATE") -> ENTER DATE | H85: =IF(H84>0,H84,"ENTER DATE") -> ENTER DATE | I85: =SUM(C85:H85) -> 0 | AB85: MA Hyannis Barnstable less the city of Falmouth | AC85: 69
AB86: MA Martha's Vineyard Dukes | AC86: 79
A87: DIRECT BILLED AIRFARE | C87: =C$18 -> 0 | D87: =D$18 -> 0 | E87: =E$18 -> 0 | F87: =F$18 -> 0 | G87: =G$18 -> 0 | H87: =H$18 -> 0 | I87: =SUM(C87:H87) -> 0 | AB87: MA Nantucket Nantucket | AC87: 79
A88: DIRECT BILLED AUTO | I88: =SUM(C88:H88) -> 0 | AB88: MA Northampton Hampshire | AC88: 69
A89: DIRECT BILLED CREDIT CARD | I89: =SUM(C89:H89) -> 0 | AB89: MA Pittsfield Berkshire | AC89: 64
A90: CREDIT CARD MEAL REDUCTION | I90: =SUM(C90:H90) -> 0 | AB90: MA Plymouth / Taunton / New Bedford Plymouth / Bristol | AC90: 69
A91: TOTAL DEDUCTIONS | C91: =SUM(C87:C90) -> 0 | D91: =SUM(D87:D90) -> 0 | E91: =SUM(E87:E90) -> 0 | F91: =SUM(F87:F90) -> 0 | G91: =SUM(G87:G90) -> 0 | H91: =SUM(H87:H90) -> 0 | I91: =SUM(I87:I90) -> 0 | AB91: MA Quincy Norfolk | AC91: 69
A92: DEDUCTIONS DATE TEST | C92: =IF(C$82=0,C$91,0) -> 0 | D92: =IF(D$82=0,D$91,0) -> 0 | E92: =IF(E$82=0,E$91,0) -> 0 | F92: =IF(F$82=0,F$91,0) -> 0 | G92: =IF(G$82=0,G$91,0) -> 0 | H92: =IF(H$82=0,H$91,0) -> 0 | I92: =SUM(C92:H92) -> 0 | AB92: MA Springfield Hampden | AC92: 64
A93: PERSONAL CHARGES | C93: =I$8 -> 0 | I93: =SUM(C93:H93) -> 0 | AB93: MA Worcester Worcester | AC93: 69
A94: TRAVEL ADVANCE | C94: =I$9 -> 0 | I94: =SUM(C94:H94) -> 0 | AB94: MD Aberdeen / Bel Air / Belcamp Harford | AC94: 64
A95: TOTAL DEDUCTIONS | I95: =SUM(I92:I94) -> 0 | AB95: MD Annapolis Anne Arundel | AC95: 69
A97: TOTAL TRANSPORTATION | C97: =SUM(C31:C33) -> 0 | D97: =SUM(D31:D33) -> 0 | E97: =SUM(E31:E33) -> 0 | F97: =SUM(F31:F33) -> 0 | G97: =SUM(G31:G33) -> 0 | H97: =SUM(H31:H33) -> 0

Sheet WEBSITE LINKS
A1: GENERAL SERVICES ADMINISTRATION (GSA) = CONUS | B1: WEBSITE - CONUS
A2: Use for travel destinations within CONUS (the Continental United States). International travel and to Alaska and Hawaii should be reported on OCONUS tab. | B2: https://www.gsa.gov/travel/plan-book/per-diem-rates
A4: What if a city is not listed on the CONUS Per Diem website? If a city is not listed, 1. Determine (via google, etc.) the county the city is located. 2. Per GSA website, if COUNTY is listed, use that COUNTY per diem rate. If the city and the county are not listed, then that area receives the standard CONUS location rate for meals and incidental expenses. | B4: https://www.gsa.gov/travel/plan-book/per-diem-rates
A7: DEPARTMENT OF DEFENSE = OCONUS | B7: WEBSITE - OCONUS
A8: The Department of Defense sets rates for Alaska, Hawaii, U.S. Territories, and Possessions (OCONUS rates). Website rates may be PUBLISHED monthly; therefore, access rates for each travel date and determine the effective date of rate. Per Diem Rate = Local Meals + Local Incidentals. Per Diem Rates must be manually entered on the Travel Expense Form. Print and attach rate to the Travel Expense Form. | B8: https://www.defensetravel.dod.mil/site/perdiemCalc.cfm
A11: DEPARTMENT OF STATE = FOREIGN | B11: WEBSITE - FOREIGN
A12: The Department of State (DOS) prescribes rates for foreign overseas locations. Website rates may be PUBLISHED monthly; therefore, access rates for each travel date and determine the effective date of rate. Per Diem Rates must be manually entered on the Travel Expense Form. Print and attach rate to Travel Expense Form. | B12: https://aoprals.state.gov/web920/per_diem.asp
A14: M&IE (Meals & Incidental Expenses) are reported separately followed by a combined daily rate. The breakdown of rates by meals and incidentals is found in Appendix B. | B14: https://aoprals.state.gov/content.asp?content_id=114&menu_id=75

Sheet FY22 GSA
A1: FY2022 Per Diem Rates - Effective October 1, 2021 | B1: FY22 M&IE
A2: Standard CONUS rate applies to all counties not specifically listed. Cities not listed may be located in a listed county. | B2: 59
A3: AL Birmingham Jefferson | B3: 69
A4: AL Gulf Shores Baldwin | B4: 69
A5: AL Mobile Mobile | B5: 59
A6: AR Hot Springs Garland | B6: 64
A7: AZ Grand Canyon / Flagstaff Coconino / Yavapai less the city of Sedona | B7: 74
A8: AZ Kayenta Navajo | B8: 64
A9: AZ Phoenix / Scottsdale Maricopa | B9: 69
A10: AZ Sedona City Limits of Sedona | B10: 79
A11: AZ Tucson Pima | B11: 64
A12: CA Antioch / Brentwood / Concord Contra Costa | B12: 74
A13: CA Bakersfield / Ridgecrest Kern | B13: 64
... A321: WY Rock Springs Sweetwater | B321: 69
B322: =SUM(B2:B321) -> 21775
